 Dungeon Crawl Stone Soup version 0.29.1-1-gd02db69 (webtiles) character file.

Game seed: 5870179147005344530

17436086 Jethros the Archmage (level 27, 199/199 HPs)
             Began as a Gargoyle Earth Elementalist on Mar 25, 2023.
             Was the Champion of Vehumet.
             Escaped with the Orb
             ... and 15 runes on Apr 3, 2023!
             The game lasted 1 day 10:55:34 (90617 turns).

Jethros the Archmage (GrEE)                    Turns: 90617, Time: 1 , 10:55:35

Health: 199/199    AC: 37    Str: 19    XL:     27
Magic:  72/72      EV: 31    Int: 43    God:    Vehumet [******]
Gold:   20092      SH: 23    Dex: 19    Spells: 0/80 levels left

rFire   + + +      SeeInvis +   T - +9 staff of Wucad Mu {*channel}
rCold   + + .      Faith    .   O - +3 buckler {AC+3}
rNeg    + + .      Spirit   .   v - +2 robe {Archmagi}
rPois   ∞          Reflect  +   w - -2 hat of the Alchemist {rElec rPois rF+ rC+ rN+ Will+ rMut rCorr}
rElec   +          Harm     .   C - +0 cloak of the Bulwark {Dex+6 SInv}
rCorr   +          Rampage  .   m - +2 pair of gloves {Dex+3}
rMut    +          Archmagi +   F - +1 pair of boots "Pacaget" {rC+ Int+4}
Will    +++..      Clarity  +   N - amulet "Jeleocs" {Reflect Drain rElec rF++ Regen+ SH+5}
Stlth   ++++......              n - ring "Tuinkarch" {rCorr MP+9 Str+5 Int+4}
HPRegen 1.23/turn               y - ring "Pesienox" {MP+9 Int+7}
MPRegen 0.43/turn

@: flying, studying 6 skills
A: sickness immunity, AC +20, big wings, negative energy resistance 1,
electricity resistance, torment resistance 1, petrification resistance, large
bone plates 1, clarity, wild magic 1, inability to drink after injury 1
0: Orb of Zot
}: 15/15 runes: serpentine, barnacled, slimy, silver, golden, iron, obsidian,
icy, bone, abyssal, demonic, glowing, magical, fiery, dark
a: Renounce Religion


You escaped.
You worshipped Vehumet.
Vehumet was exalted by your worship.
You visited 17 branches of the dungeon, and saw 87 of its levels.
You visited Pandemonium 1 time, and saw 15 of its levels.
You visited the Abyss 1 time.
You completed 3 ziggurats, and saw 81 of their levels.
You also visited: Ossuary, Gauntlet, Ice Cave, Volcano and Wizlab.

You collected 22763 gold pieces.
You spent 2671 gold pieces at shops.

Inventory:

Hand Weapons
 T - the +9 staff of Wucad Mu (weapon) {*channel}
   (You found it on level 7 of Gehenna)

   It occasionally powers its wielder's spells, but with a chance of causing
   confusion or draining the wielder's intelligence.
   It becomes more likely to activate and less likely to backfire with increased
   Evocations skill.
 U - the +4 staff of Dispater
   (You took it off Dispater on level 7 of the Iron City of Dis)

   It can be evoked to hurl damnation at the cost of health and magic, with
   strength depending on Evocations skill.
Missiles
 e - 9 throwing nets
Armour
 m - a +2 pair of gloves of dexterity (worn)
 q - the +1 cloak "Xemamixe" {rF+++ Will+ Dex-3 Slay+5}
   (You found it on level 15 of a ziggurat)

   Dex:       It affects your dexterity (-3).
   Slay:      It affects your accuracy & damage with ranged weapons and melee
   (+5).
   rF:        It renders you almost immune to fire.
   Will:      It increases your willpower.
 u - the +3 hat of Pondering {ponderous, Will+ MP+10 Int+5}
   (You bought it in a shop on level 3 of the Shoals)

   Int:       It affects your intelligence (+5).
   MP:        It affects your magic capacity (+10).
   Will:      It increases your willpower.
 v - a +2 robe of the Archmagi (worn)
 w - the -2 hat of the Alchemist (worn) {rElec rPois rF+ rC+ rN+ Will+ rMut rCorr}
   (You found it in a wizard's laboratory)

   rF:        It protects you from fire.
   rC:        It protects you from cold.
   rElec:     It insulates you from electricity.
   rPois:     It protects you from poison.
   rN:        It protects you from negative energy.
   rCorr:     It protects you from acid and corrosion.
   rMut:      It protects you from mutation.
   Will:      It increases your willpower.
 x - the +4 skin of Zhor {*Englaciate rC+++ SInv}
   (You found it on level 19 of a ziggurat)

   It radiates cold, occasionally slowing all nearby creatures who are not
   resistant to cold.
   rC:        It renders you almost immune to cold.
   SInv:      It lets you see invisible.
 B - the +1 robe of Tulips {rF+ rC+ Int+5}
   (You found it on level 19 of a ziggurat)

   Int:       It affects your intelligence (+5).
   rF:        It protects you from fire.
   rC:        It protects you from cold.
 C - the +0 cloak of the Bulwark (worn) {Dex+6 SInv}
   (You found it on level 20 of a ziggurat)

   Dex:       It affects your dexterity (+6).
   SInv:      It lets you see invisible.
 F - the +1 pair of boots "Pacaget" (worn) {rC+ Int+4}
   (You acquired it on level 11 of a ziggurat)

   Int:       It affects your intelligence (+4).
   rC:        It protects you from cold.
 G - a +3 buckler of cold resistance
 O - a +3 buckler of protection (worn)
Magical Staves
 a - a staff of fire
 b - a staff of earth
 d - a staff of cold
Jewellery
 n - the ring "Tuinkarch" (left hand) {rCorr MP+9 Str+5 Int+4}
   (You found it on level 13 of a ziggurat)

   [ring of magical power]

   Str:       It affects your strength (+5).
   Int:       It affects your intelligence (+4).
   MP:        It affects your magic capacity (+9).
   rCorr:     It protects you from acid and corrosion.
 o - the amulet of the Four Winds {rN+ Will+++ Clar}
   (You found it on level 22 of a ziggurat)

   [amulet of nothing]

   rN:        It protects you from negative energy.
   Clar:      It protects you against confusion.
   Will:      It greatly increases your willpower.
 s - the amulet of the Jolly Leylines {RegenMP +Blink rC- Int+3}
   (You found it on level 1 of the Crypt)

   [amulet of magic regeneration]

   It increases your rate of magic regeneration.
   Int:       It affects your intelligence (+3).
   rC:        It makes you vulnerable to cold.
   +Blink:    It lets you blink.
 y - the ring "Pesienox" (right hand) {MP+9 Int+7}
   (You found it on level 5 of the Pits of Slime)

   [ring of magical power]

   Int:       It affects your intelligence (+7).
   MP:        It affects your magic capacity (+9).
 A - the amulet of Vitality {RegenMP++ Regen++}
   (You found it on level 16 of a ziggurat)

   [amulet of magic regeneration]

   It increases your rate of magic regeneration.
   Regen:     It increases your rate of health regeneration.
 K - the ring of the Mage {Wiz Archmagi}
   (You took it off a deep elf death mage on level 3 of the Elven Halls)

   [ring of wizardry]

   It improves your spell success rate.
   Archmagi:  It increases the power of your magical spells.
 N - the amulet "Jeleocs" (around neck) {Reflect Drain rElec rF++ Regen+ SH+5}
   (You acquired it on level 20 of a ziggurat)

   [amulet of reflection]

   It reflects blocked missile attacks.
   rF:        It greatly protects you from fire.
   rElec:     It insulates you from electricity.
   Regen:     It increases your rate of health regeneration.
   Drain:     It drains your maximum health when unequipped.
   SH:        It affects your SH (+5).
 Q - the dreamshard necklace {*Dream Drain}
   (You found it on level 24 of a ziggurat)

   [amulet of nothing]

   It shatters if its wearer takes lethal or near-lethal damage, preventing the
   blow and releasing protective dreams that heal and fight for the wearer.
   Drain:     It drains your maximum health when unequipped.
 R - the amulet of Dogma {Reflect Int+3 SH+5}
   (You found it on level 26 of a ziggurat)

   [amulet of reflection]

   It reflects blocked missile attacks.
   Int:       It affects your intelligence (+3).
   SH:        It affects your SH (+5).
 S - the ring of Generosity {Wiz Str+4 Dex+2 Stlth+}
   (You found it on level 7 of Gehenna)

   [ring of wizardry]

   It improves your spell success rate.
   Str:       It affects your strength (+4).
   Dex:       It affects your dexterity (+2).
   Stlth:     It makes you more stealthy.
Wands
 p - a wand of mindburst (32)
 M - a wand of roots (106)
 P - a wand of light (65)
Scrolls
 f - 18 scrolls of magic mapping
 g - 6 scrolls of fear
 h - 94 scrolls of teleportation
 j - 14 scrolls of immolation
 k - 7 scrolls of silence
 r - 44 scrolls of fog
 D - 33 scrolls of blinking
 E - 9 scrolls of summoning
Potions
 c - 91 potions of mutation
 i - 34 potions of curing
 l - 19 potions of brilliance
 t - 19 potions of heal wounds
 z - 13 potions of haste
 I - 6 potions of magic
 J - 13 potions of cancellation
 V - 2 potions of ambrosia
Miscellaneous
 L - a phial of floods
 X - a phantom mirror


   Skills:
 O Level 27 Fighting
 O Level 27 Staves
 + Level 23.9 Armour
 O Level 27 Dodging
 O Level 27 Stealth
 + Level 26.0 Shields
 O Level 27 Spellcasting
 O Level 27 Conjurations
 O Level 27 Necromancy
 - Level 0.7 Transmutations
 O Level 27 Fire Magic
 O Level 27 Ice Magic
 O Level 27 Earth Magic
 O Level 27 Evocations


You couldn't memorise any spells.
You knew the following spells:

 Your Spells              Type           Power      Damage    Failure   Level
c - Passwall              Tmut/Erth      100%       N/A       1%          2
d - Iron Shot             Conj/Erth      90%        9d16      1%          6
e - Lee's Rapid Deconstr  Erth           90%        3d41*     1%          5
f - Fireball              Conj/Fire      90%        3d33      1%          5
g - Lehudib's Crystal Sp  Conj/Erth      90%        10d20     1%          8
i - Ignition              Fire           90%        3d23      1%          8
j - Shatter               Erth           90%        3d65*     1%          9
k - Fire Storm            Conj/Fire      90%        8d23      1%          9
l - Death's Door          Necr           90%        N/A       1%          9
m - Ozocubu's Refrigerat  Ice            90%        4d27      1%          7
n - Polar Vortex          Ice            90%        N/A       1%          9
o - Apportation           Tloc           100%       N/A       1%          1
p - Blink                 Tloc           100%       N/A       1%          2

Your spell library contained the following spells:

 Spells                   Type           Power      Damage    Failure   Level
 Beastly Appendage        Tmut           100%       N/A       1%          1
 Foxfire                  Conj/Fire      100%       2x1d9     1%          1
 Freeze                   Ice            100%       1d11      1%          1
 Magic Dart               Conj           100%       1d8       1%          1
 Necrotise                Necr           100%       1d9       1%          1
 Sandblast                Erth           100%       2d20      1%          1
 Shock                    Conj/Air       100%       1d9       1%          1
 Slow                     Hex            100%       N/A       1%          1
 Sting                    Tmut/Pois      100%       1d8       1%          1
 Summon Small Mammal      Summ           100%       N/A       1%          1
 Call Imp                 Summ           85%        N/A       1%          2
 Ensorcelled Hibernation  Hex/Ice        100%       N/A       1%          2
 Poisonous Vapours        Pois/Air       100%       N/A       1%          2
 Scorch                   Fire           100%       2d10      1%          2
 Searing Ray              Conj           100%       2d8       1%          2
 Static Discharge         Conj/Air       100%       3-16/arc  1%          2
 Wereblood                Tmut           90%        N/A       1%          2
 Call Canine Familiar     Summ           85%        N/A       1%          3
 Confusing Touch          Hex            85%        N/A       1%          3
 Conjure Flame            Conj/Fire      100%       6-21      1%          3
 Dazzling Flash           Conj/Hex       100%       N/A       1%          3
 Frozen Ramparts          Ice            100%       1d16      1%          3
 Gell's Gravitas          Tloc           85%        N/A       1%          3
 Ignite Poison            Fire/Tmut/Pois 100%       N/A       1%          3
 Inner Flame              Hex/Fire       100%       N/A       1%          3
 Lesser Beckoning         Tloc           85%        N/A       1%          3
 Mephitic Cloud           Conj/Pois/Air  100%       N/A       1%          3
 Ozocubu's Armour         Ice            100%       N/A       1%          3
 Portal Projectile        Hex/Tloc       100%       N/A       1%          3
 Spider Form              Tmut/Pois      87%        N/A       1%          3
 Stone Arrow              Conj/Erth      100%       3d13      1%          3
 Summon Guardian Golem    Hex/Summ       85%        N/A       1%          3
 Swiftness                Air            85%        N/A       1%          3
 Teleport Other           Tloc           85%        N/A       1%          3
 Tukima's Dance           Hex            85%        N/A       1%          3
 Vampiric Draining        Necr           100%       2d13      1%          3
 Airstrike                Air            42%        2d(7-23)  1%          4
 Anguish                  Hex/Necr       74%        N/A       1%          4
 Animate Armour           Summ/Erth      100%       N/A       1%          4
 Animate Dead             Necr           100%       N/A       1%          4
 Corpse Rot               Necr/Pois/Air  100%       N/A       1%          4
 Dispel Undead            Necr           100%       3d31      1%          4
 Flame Wave               Conj/Fire      100%       2d21      1%          4
 Fulminant Prism          Conj/Hex       74%        3d30      1%          4
 Hailstorm                Conj/Ice       100%       3d20      1%          4
 Ice Form                 Ice/Tmut       100%       N/A       1%          4
 Iskenderun's Mystic Bla  Conj/Tloc      100%       2d19      1%          4
 Leda's Liquefaction      Hex/Erth       74%        N/A       1%          4
 Olgreb's Toxic Radiance  Pois           85%        N/A       1%          4
 Petrify                  Tmut/Erth      100%       N/A       1%          4
 Sticky Flame             Conj/Fire      100%       2d11      1%          4
 Summon Ice Beast         Ice/Summ       100%       N/A       1%          4
 Agony                    Necr           100%       N/A       1%          5
 Borgnjor's Vile Clutch   Necr/Erth      90%        N/A       1%          5
 Freezing Cloud           Conj/Ice/Air   80%        6-21      1%          5
 Irradiate                Conj/Tmut      74%        3d36      1%          5
 Iskenderun's Battlesphe  Conj           100%       2d15      1%          5
 Lightning Bolt           Conj/Air       74%        1d99      1%          5
 Metabolic Englaciation   Hex/Ice        74%        N/A       1%          5
 Conjure Ball Lightning   Conj/Air       74%        3x3d27    1%          6
 Death Channel            Necr           90%        N/A       1%          6
 Simulacrum               Ice/Necr       90%        N/A       1%          6
 Starburst                Conj/Fire      90%        6d23      1%          6
 Haunt                    Necr/Summ      74%        N/A       1%          7
 Orb of Destruction       Conj           90%        9d20      1%          7
 Spellforged Servitor     Conj/Summ      74%        N/A       1%          7
 Borgnjor's Revivificati  Necr           90%        N/A       1%          8
 Infestation              Necr           90%        N/A       1%          8
 Yara's Violent Unravell  Hex/Tmut       43%        3d17      2%          5
 Cause Fear               Hex            42%        N/A       4%          4
 Passage of Golubria      Tloc           85%        N/A       4%          4
 Summon Lightning Spire   Summ/Air       85%        N/A       4%          4
 Blade Hands              Tmut           45%        N/A       9%          5
 Necromutation            Tmut/Necr      74%        N/A       9%          8
 Alistair's Intoxication  Tmut/Pois      58%        N/A       10%         5
 Manifold Assault         Tloc           85%        N/A       11%         5
 Silence                  Hex/Air        42%        N/A       11%         5
 Summon Forest            Summ/Tloc      42%        N/A       11%         5
 Summon Mana Viper        Hex/Summ       85%        N/A       11%         5
 Eringya's Noxious Bog    Tmut/Pois      43%        N/A       12%         6
 Chain Lightning          Conj/Air       74%        3d98      30%         9
 Dispersal                Tloc           42%        N/A       45%         6
 Summon Cactus Giant      Summ           42%        N/A       45%         6
 Dragon Form              Tmut           45%        N/A       89%         7
 Storm Form               Tmut/Air       43%        N/A       92%         7
 Enfeeble                 Hex            42%        N/A       95%         7
 Malign Gateway           Summ/Tloc      42%        N/A       95%         7
 Monstrous Menagerie      Summ           42%        N/A       95%         7
 Summon Hydra             Summ           42%        N/A       95%         7
 Maxwell's Capacitive Co  Air            42%        ∞         98%         8
 Discord                  Hex            42%        N/A       100%        8
 Disjunction              Tloc           42%        N/A       100%        8
 Summon Horrible Things   Summ           42%        N/A       100%        8
 Dragon's Call            Summ           42%        N/A       100%        9
 Sublimation of Blood     Necr           Unusable   N/A       N/A         2
 Statue Form              Tmut/Erth      Unusable   N/A       N/A         6

Dungeon Overview and Level Annotations

Branches:
Dungeon (15/15)            Temple (0/1) D:6            Lair (5/5) D:11
 Shoals (4/4) Lair:3        Snake (4/4) Lair:2        Slime (5/5) Lair:5
    Orc (2/2) D:10            Elf (3/3) Orc:2        Vaults (5/5) D:13
  Crypt (3/3) Vaults:2       Tomb (3/3) Crypt:3      Depths (4/4) D:15
   Hell (visited)             Dis (7/7) Hell            Geh (7/7) Hell
    Coc (7/7) Hell            Tar (7/7) Hell            Zot (5/5) Depths:4
Ossuary (visited)           IceCv (visited)         Volcano (visited)
 WizLab (visited)         Gauntlet (visited)

Altars:
Ashenzari
Dithmenos
Fedhas
Gozag
Hepliaklqana
Kikubaaqudgha
Makhleb
Okawaru
Ru
Sif Muna
Vehumet
Xom
Yredelemnul
Jiyva

Shops:
Orc:1 =   Orc:2 ![?:   Elf:1 *   Shoals:3 (?[:   Snake:1 *   Snake:3 *:[
Snake:4 :=   Vaults:1 [   Vaults:2 (   Vaults:3 =   Depths:2 [((

Portals:
Hell: Depths:1 Depths:2 Depths:3 Depths:4
Abyss: Depths:3 Depths:4
Pandemonium: Orc:2 Depths:2 Depths:4

Annotations:
D:2 Robin


Innate Abilities, Weirdness & Mutations

You are immune to sickness and miasma.
Your stone body is resilient. (AC +20)
You are immune to poison.
Your large and strong wings let you fly.
You resist negative energy. (rN+)
You are resistant to electric shocks. (rElec)
You are resistant to unholy torment.
You are immune to petrification.
You are partially covered in large bone plates. (SH +4)
You possess an exceptional clarity of mind.
Your spells are a little harder to cast, but a little more powerful.
You occasionally lose the ability to drink potions when taking damage.


Message History

Aim: a profane servitor, wielding a +2 whip (severely damaged, umbra, 63% to hit)
You feel a surge of power!
The crystal spear hits the profane servitor!!!!
You destroy the profane servitor!
Vehumet accepts your kill.
You feel your intelligence returning.
(D) Dungeon (T) Temple (L) Lair (A) Shoals (P) Snake Pit (M) Slime Pits (O) Orcish Mines (E) Elven Halls (V) Vaults (C) Crypt (W) Tomb (U) Depths (H) Hell (I) Dis (G) Gehenna (X) Cocytus (Y) Tartarus (Z) Zot
Where to? (Enter - D:1, ? - help)
What level of the Dungeon? (default 1, ? - help)
There is a stone staircase leading up here.
You fly upwards.
There is a stone staircase leading down here.
Magic restored.
There is a stone staircase leading up here.
You fly upwards.
There is a stone staircase leading down here.
You see here a +0 whip.
You see here a +0 dagger.
There is a stone staircase leading up here.
You fly upwards.
Level annotation: Robin
There is a stone staircase leading down here.
There is a stone staircase leading up here.
You fly upwards.
There is a stone staircase leading down here.
Casting: Lehudib's Crystal Spear (mildly dangerous; 1% risk of failure)
Confirm with . or Enter, or press ? or * to list all spells.
Aiming: Passwall (safe; 1% risk of failure)
Press: ? - help, Dir - move target A rock wall.
This square is covered in magical glow.
You feel a surge of power! Magical energy flows into your mind!
You begin to meditate on the wall.
You continue meditating on the rock. x2
You finish merging with the rock.
There is a staircase leading out of the dungeon here.
You have escaped!

.###.#....#####.#........^...#.#
..##.#.....## #...##....######.#
...#.##.....###..##..#### #.##
...#..##.....##..##.## ##..#
...#..###.....##..#.#########....
..##...###.....##..........##....
####....###.....##########.......
.....##...##..8...........###....
.#########.##...@................
.# ###..>...........#######
.##########.....###########
........##.....###.# #...#####
#########.....####.#####..>..####
##.....##.......######....#
##.....####...##.# ####.#
#.....## #.####.# #.. #....## #.#
#.# ##.


There were no monsters in sight!

Vanquished Creatures
  Cerebov (Pan)
  Asmodeus (Geh:7)
  Antaeus (Coc:7)
  the Royal Jelly (Slime:5)
  Ereshkigal (Tar:7)
  Gloorx Vloq (Pan)
  the Serpent of Hell (Coc:7)
  Lom Lobon (Pan)
  Mnoleg (Pan)
  31 dread liches
  Khufu (Tomb:3)
  17 orbs of fire
  Dispater (Dis:7)
  18 ancient liches
  27 juggernauts
  36 royal mummies
  The ghost of Ulecsuczon the Impregnable, a veteran MiGl of Hepliaklqana (Crypt:1)
  Josephina (Crypt:2)
  Parghit (Zot:4)
  17 shard shrikes
  The ghost of Qiwept the Fencer, a veteran BaIE of Cheibriados (Depths:3)
  27 Killer Klowns
  Bai Suzhen (Shoals:3)
  Vashnia (Snake:4)
  51 pandemonium lords
  Margery (Crypt:2)
  22 caustic shrikes
  9 curse toes
  The ghost of RutDarkdig the Sorcerer, a veteran DEEE of Dithmenos (Vaults:3)
  6 profane servitors
  29 bone dragons
  Geryon (Hell)
  55 golden dragons
  A mutant beast (WizLab)
  30 Brimstone Fiends
  2 electric golems (Zot:5)
  19 iron giants
  22 Tzitzimimeh
  17 doom hounds
  18 liches
  36 Hell Sentinels
  37 hellephants
  70 tentacled monstrosities
  45 Ice Fiends
  25 Orb Guardians
  A spectral shard shrike (Tar:3)
  16 tainted leviathans
  2 walking divine tomes
  33 searing wretches
  A walking earthen tome (Depths:3)
  A quicksilver dragon (shapeshifter) (Zig:15)
  25 titans
  29 deep elf blademasters
  27 deep elf master archers
  10 quicksilver dragons
  135 acid blobs
  The ghost of Akuuror the Warrior, an adept GrFi of Okawaru (Snake:1)
  15 death cobs
  An acid blob (shapeshifter) (Zig:10)
  3 sphinxes (shapeshifter)
  2 krakens (Shoals:1)
  26 Executioners
  28 sphinxes
  Polyphemus (Shoals:2)
  2 eldritch tentacles (Pan)
  7 tentacled starspawn
  A thorn hunter (Zig:16)
  Gastronok (Lair:1)
  13 storm dragons
  8 tengu reavers
  61 ancient champions
  2 shadow dragons (shapeshifter)
  3 storm dragons (shapeshifter)
  11 shadow dragons
  A fenstrider witch (Zig:27)
  Donald (Vaults:2)
  44 rockslimes
  10 draconian knights
  19 revenants
  23 demonspawn warmongers
  42 nagarajas
  7 draconian monks
  26 fire giants
  55 azure jellies
  19 frost giants
  An azure jelly (shapeshifter) (Zig:13)
  A fire giant (shapeshifter) (Zig:17)
  14 quicksilver elementals
  58 orc warlords
  A frost giant (shapeshifter) (Zig:13)
  3 spectral caustic shrikes
  32 narguns
  An iron dragon (shapeshifter) (Zig:27)
  67 balrugs
  9 iron dragons
  2 spectral juggernauts
  9 deep elf sorcerers
  28 emperor scorpions
  Louise (Shoals:4)
  4 draconian scorchers
  10 shard shrike simulacra
  Aizul (Elf:2)
  2 juggernaut zombies
  32 cacodemons
  28 ghost moths
  20 vault wardens
  18 curse skulls
  4 deep elf elementalists
  42 quicksilver oozes
  16 ghouls
  4 draconian annihilators
  6 draconian shifters
  An angel (Zig:5)
  A caustic shrike zombie (Hell)
  7 ironbound thunderhulks
  17 demonspawn corrupters
  16 bennus
  6 draconian stormcallers
  9 demonspawn blood saints
  19 reapers
  A juggernaut skeleton (Zig:12)
  27 war gargoyles
  5 ophanim
  24 ironbound preservers
  4 stone giants (shapeshifter)
  7 broodmothers
  2 spriggan defenders (Depths:4)
  23 vampire knights
  51 stone giants
  10 green draconians
  37 deep elf demonologists
  54 very ugly things
  3 eleionomae (shapeshifter)
  An apis (Zig:5)
  12 putrid mouths
  19 elemental wellsprings
  13 demonspawn black suns
  12 white draconians
  16 dire elephants
  41 deep elf annihilators
  2 spectral titans
  4 bunyips
  8 eleionomae
  15 lorocyprocas
  3 minotaurs
  Azrael (D:12)
  18 entropy weavers
  8 purple draconians
  8 red draconians
  11 yellow draconians
  4 halazid warlocks (Tar:4)
  2 dire elephants (shapeshifter)
  11 spark wasps
  A bunyip (shapeshifter) (Zig:27)
  An entropy weaver (shapeshifter) (WizLab)
  Snorg (D:12)
  7 black draconians
  36 eidola
  17 ettins
  17 jiangshi
  30 blizzard demons
  3 crystal guardians
  22 deep elf death magi
  33 wendigos
  36 merfolk javelineers
  18 shambling mangroves
  39 mummy priests
  17 fire dragons
  An ettin (shapeshifter) (Zig:13)
  15 merfolk impalers
  46 deep elf high priests
  22 yaktaur captains
  31 great orbs of eyes
  8 spectral spriggans
  51 green deaths
  A spectral golden dragon (Zig:11)
  3 peacekeepers
  13 ice dragons
  11 hell beasts
  9 ogre magi
  A hydra (shapeshifter) (Zig:17)
  16 caustic shrike simulacra
  A fenstrider witch zombie (Crypt:1)
  75 hydras
  3 rakshasas
  5 ghost crabs
  5 spriggan air magi
  19 salamander tyrants
  17 alligator snapping turtles
  8 juggernaut simulacra
  7 boulder beetles
  19 two-headed ogres
  27 vault guards
  11 centaur warriors
  4 radroaches
  10 anacondas
  3 demonspawn (Orc:2)
  3 spectral stone giants
  9 ironbound frosthearts
  10 catoblepae
  13 death yaks
  6 merfolk avatars
  A fenstrider witch skeleton (Crypt:1)
  13 satyrs
  5 jorogumos
  4 anacondas (shapeshifter)
  2 spriggan skeletons
  24 merfolk aquamancers
  7 stokers
  17 naga warriors
  21 vampire magi
  5 deep troll shamans
  7 deep troll earth magi
  8 alligators
  67 dancing weapons
  29 hell hogs
  46 death scarabs
  3 death knights
  A titan zombie (Hell)
  70 orc high priests
  7 spriggan berserkers
  7 tengu warriors
  12 shock serpents
  3 thrashing horrors
  2 spectral dire elephants
  Nergalle (D:11)
  16 hell knights
  20 soul eaters
  Urug (Lair:2)
  30 sun demons
  Sonja (Lair:4)
  A shock serpent (shapeshifter) (WizLab)
  51 deep elf knights
  A titan skeleton (Zig:19)
  23 naga sharpshooters
  3 storm dragon zombies
  6 wretched stars
  3 salamander mystics
  A fire crab (shapeshifter) (Zig:10)
  32 shadow wraiths
  3 spatial maelstroms (Zig:17)
  11 crystal echidnas
  3 fire crabs
  19 sixfirhies
  An iron troll (shapeshifter) (Zig:27)
  26 iron trolls
  13 pharaoh ants
  A goliath frog (shapeshifter) (Zig:25)
  34 skeletal warriors
  A spectral bunyip (Tar:1)
  2 death drakes (shapeshifter) (WizLab)
  26 deep trolls
  3 spectral anacondas (Tar:3)
  A sun moth (Zig:24)
  A deep troll (shapeshifter) (Zig:27)
  12 spriggan druids
  2 steelbarb worms (shapeshifter)
  10 glowing orange brains
  9 steelbarb worms
  16 starcursed masses
  16 flayed ghosts
  8 quicksilver dragon simulacra
  A sea snake (shapeshifter) (WizLab)
  9 goliath frogs
  27 sea snakes
  A lindwurm (shapeshifter) (WizLab)
  14 orb spiders
  42 death drakes
  2 golden dragon skeletons
  4 cherubim (Zig:5)
  A shadow dragon zombie (Zig:12)
  3 bog bodies
  11 naga ritualists
  6 obsidian statues
  9 orange crystal statues
  13 wizards
  55 harpies
  A glowing orange brain (shapeshifter) (Zig:17)
  16 shadow demons
  An anaconda skeleton (Crypt:3)
  9 spriggan simulacra
  49 swamp dragons
  44 deep elf archers
  20 phantasmal warriors
  15 necromancers
  2 mana vipers (shapeshifter)
  14 lindwurms
  29 orc knights
  2 stone giant zombies (Hell)
  58 deep elf pyromancers
  24 ironbound convokers
  2 wolf spiders (shapeshifter)
  2 frost giant zombies (Hell)
  36 shining eyes
  61 deep elf zephyrmancers
  A manticore (shapeshifter) (Zig:7)
  A broodmother zombie (Crypt:3)
  2 tengu skeletons
  16 cyclopes
  A worldbinder (Abyss:3)
  2 fauns (shapeshifter)
  10 mana vipers
  59 oklob plants
  50 ugly things
  36 manticores
  A draconian zombie (Zot:1)
  7 salamanders
  7 wolf spiders
  A spectral ettin (Tar:1)
  A shadow dragon skeleton (Zig:19)
  A sphinx skeleton (Zig:19)
  51 orc sorcerers
  A shining eye (shapeshifter) (Zig:15)
  11 will-o-the-wisps
  A stone giant skeleton (Vaults:1)
  A spectral centaur (Tar:1)
  74 moths of wrath
  A fire giant skeleton (Vaults:3)
  6 moths of wrath (shapeshifter)
  14 fauns
  A dire elephant zombie (Crypt:3)
  19 merfolk sirens
  32 smoke demons
  77 black mambas
  21 vault sentinels
  27 guardian serpents
  19 orange demons
  29 water nymphs
  4 ice statues
  A black mamba (shapeshifter) (Zig:10)
  5 elephants
  A storm dragon simulacrum (Coc:1)
  19 naga magi
  Joseph (D:9)
  2 water nymphs (shapeshifter)
  8 molten gargoyles
  13 rust devils
  7 titan simulacra
  An eye of devastation (shapeshifter) (Zig:10)
  10 eyes of devastation
  An eleionoma skeleton (Crypt:2)
  A toenail golem (D:8)
  24 apocalypse crabs
  32 cane toads
  2 centaur skeletons (Crypt:3)
  An unseen horror (shapeshifter) (Zig:27)
  59 hellions
  3 gargoyles
  10 torpor snails
  A cane toad (shapeshifter) (WizLab)
  16 freezing wraiths
  Psyche (D:12)
  17 rime drakes
  2 elves (WizLab)
  8 demonic crawlers
  An unseen horror (D:11)
  2 kobold demonologists
  12 swamp worm zombies (Crypt:1)
  16 komodo dragons
  19 yaktaurs
  7 ice devils
  3 rime drakes (shapeshifter)
  A komodo dragon (shapeshifter) (WizLab)
  A yaktaur (shapeshifter) (WizLab)
  A yaktaur skeleton (Vaults:1)
  9 red devils
  4 anaconda simulacra
  14 efreet
  2 bunyip simulacra
  A harpy zombie (Tomb:1)
  5 tengu conjurers
  79 guardian mummies
  31 tormentors
  A spectral demonspawn (Tar:2)
  25 hellwings
  3 ancient zymes (Zig:17)
  2 grey draconian skeletons
  A white draconian skeleton (Crypt:2)
  An iron troll skeleton (Crypt:1)
  3 bloated husks
  10 tyrant leeches
  4 golden dragon simulacra
  6 iron giant simulacra
  A minotaur skeleton (Crypt:3)
  A queen bee (shapeshifter) (WizLab)
  4 spectral harpies
  2 merfolk (shapeshifter)
  3 polar bears
  83 merfolk
  A shadow dragon simulacrum (Vaults:3)
  13 wind drakes
  50 hornets
  A slime creature (shapeshifter) (Zig:13)
  26 trolls
  A meliai (Zig:20)
  3 wind drakes (shapeshifter)
  A hornet (shapeshifter) (Zig:27)
  A mana viper skeleton (Crypt:1)
  A raiju (Zig:17)
  3 blink frogs (Zig:20)
  2 tarantellas (Zig:20)
  A blink frog (shapeshifter) (Zig:27)
  2 harpy skeletons
  A tengu simulacrum (Zig:19)
  A silent spectre (Zig:11)
  217 slime creatures
  2 dream sheep (shapeshifter)
  4 spriggan zombies
  An alligator zombie (Crypt:1)
  12 snapping turtles
  A raiju (shapeshifter) (WizLab)
  A snapping turtle (shapeshifter) (Zig:25)
  15 dream sheep
  3 iron dragon simulacra
  A frost giant simulacrum (Zig:3)
  6 jumping spiders
  4 centaur simulacra
  3 stone giant simulacra
  A jumping spider (shapeshifter) (WizLab)
  3 shadows
  27 flying skulls
  2 wind drake zombies
  11 spriggans
  A spriggan (shapeshifter) (Zig:27)
  6 vampires
  9 air elementals
  73 yaks
  35 ushabtiu
  A culicivora (shapeshifter) (WizLab)
  6 culicivoras
  8 wyverns
  An alligator skeleton (Crypt:3)
  36 water elementals
  13 ynoxinuls
  A hog (shapeshifter) (WizLab)
  A yak (shapeshifter) (WizLab)
  A wyvern (shapeshifter) (Zig:25)
  17 fire bats
  13 basilisks
  2 humans (shapeshifter)
  12 dire elephant simulacra
  6 wraiths
  4 humans (WizLab)
  An alligator snapping turtle simulacrum (Coc:1)
  19 golden eyes
  A golden eye (shapeshifter) (WizLab)
  2 basilisks (shapeshifter)
  A black mamba skeleton (Tomb:2)
  33 large abominations
  12 steam dragons
  16 fire elementals
  3 redbacks (shapeshifter)
  4 vampire mosquitoes
  27 chaos spawn
  7 redbacks
  18 neqoxecs
  A human simulacrum (Vaults:1)
  25 iron golems
  A water nymph zombie (Crypt:3)
  16 harpy simulacra
  35 nagas
  A spatial vortex (Zig:17)
  4 hydra simulacra
  3 acid dragons
  32 wargs
  27 water moccasins
  2 glowing shapeshifter skeletons
  3 naga skeletons
  A water nymph skeleton (Crypt:2)
  2 human zombies
  12 floating eyes
  2 floating eyes (shapeshifter)
  8 hell hounds
  18 small abominations
  A meliai simulacrum (Gauntlet)
  A swamp drake (shapeshifter) (Depths:3)
  An ice beast (shapeshifter) (WizLab)
  4 sky beasts
  3 black bears (shapeshifter)
  9 ettin simulacra
  5 ice beasts
  134 orc warriors
  A manticore zombie (Crypt:1)
  A merfolk simulacrum (Coc:1)
  2 swamp drakes
  A human skeleton (Vaults:3)
  4 boggarts (Vaults:4)
  A floating eye zombie (Hell)
  5 great orb of eyes simulacra (IceCv)
  19 wolves
  63 ogres
  2 manticore skeletons
  A wolf (shapeshifter) (Depths:3)
  2 centaurs (shapeshifter) (Depths:3)
  A swamp dragon skeleton (Crypt:2)
  14 centaurs
  9 slime creature simulacra (IceCv)
  3 kobold brigands
  3 phantoms
  8 bullfrogs
  A bullfrog (shapeshifter) (Depths:3)
  2 scorpions
  19 earth elementals
  4 necrophages
  5 naga simulacra
  5 glowing shapeshifter simulacra (IceCv)
  A water moccasin zombie (Crypt:3)
  A scorpion (shapeshifter) (Zig:25)
  A demonspawn simulacrum (Abyss:1)
  3 gnoll sergeants
  12 wights
  A warg zombie (Crypt:1)
  An electric eel (Lair:2)
  A jelly (D:6)
  3 howler monkeys
  10 lava snakes
  A crimson imp (Geh:2)
  A bullfrog zombie (Ossuary)
  3 quasits
  A wyvern simulacrum (Gauntlet)
  5 gnoll boudas
  51 orc priests
  4 hounds
  4 iguanas
  33 orc wizards
  2 lightning spires (Zig:18)
  7 hell rats (Lair:5)
  A boggart simulacrum (Gauntlet)
  103 mummies
  27 gnolls
  A howler monkey skeleton (Crypt:2)
  16 adders
  7 white imps
  3 ufetubi
  A worm (D:2)
  A dart slug (shapeshifter) (Depths:3)
  5 dart slugs
  2 orcs (shapeshifter) (Depths:3)
  96 orcs
  6 ball pythons
  6 bats
  7 endoplasms
  2 giant cockroaches
  14 goblins
  7 hobgoblins
  4 jackals
  2 quokkas (shapeshifter) (Depths:3)
  5 quokkas
  A ball python (shapeshifter) (Depths:3)
  4 frilled lizards
  A hobgoblin skeleton (Crypt:3)
  17 kobolds
  25 rats
  A rat (shapeshifter) (Depths:3)
  A rat zombie (Crypt:3)
  5 briar patches (Zig:16)
  A butterfly (Lair:2)
  5 creeping infernos
  34 fire vortices
  6 plants
  4 starspawn tentacles (Zig:17)
  A tentacle (Shoals:1)
7556 creatures vanquished.

Vanquished Creatures (collateral kills)
  A juggernaut (Zig:27)
  3 Killer Klowns
  3 royal mummies
  2 pandemonium lords (Zig:27)
  A profane servitor (Tar:3)
  2 doom hounds (Zig:11)
  A lich (Zig:17)
  2 tainted leviathans
  2 Orb Guardians (Zot:5)
  4 acid blobs
  A shadow dragon (Zot:2)
  A tengu reaver (Zig:25)
  A storm dragon (Zot:5)
  A spectral caustic shrike (Tar:4)
  2 ghouls
  A quicksilver ooze (Zig:23)
  A green draconian (Zot:1)
  3 purple draconians
  A yellow draconian (Zot:2)
  An eidolon (Tar:7)
  A hydra (Zig:24)
  An ice dragon (Coc:7)
  2 death scarabs (Tomb:1)
  2 soul eaters
  A sea snake (Zig:15)
  2 steelbarb worms
  A torpor snail (Zig:8)
  2 hellwings (Pan)
  A slime creature (Zig:11)
  An ushabti (Tomb:2)
  A neqoxec (Pan)
  A spatial vortex (Zig:17)
  A redback (shapeshifter) (Zig:27)
  A black bear skeleton (Crypt:3)
  8 mummies
  A ball lightning (Pan)
61 creatures vanquished.

Vanquished Creatures (others)
  A pandemonium lord (Zig:25)
  A tentacled monstrosity (Zig:16)
  A balrug (Geh:7)
  A shard shrike simulacrum (Coc:7)
  A ghoul (Zig:10)
  A very ugly thing (Zig:27)
  A demonspawn black sun (Zig:19)
  A bunyip (Zig:10)
  2 green deaths (Zig:22)
  A shambling mangrove (Zig:10)
  A hydra (Zig:24)
  A stoker (Geh:7)
  A soul eater (Zig:19)
  2 swamp dragons
  A deep elf zephyrmancer (Zig:21)
  4 smoke demons (Pan)
  3 hellwings (Pan)
  An anaconda simulacrum (Crypt:2)
  A bloated husk (Zig:10)
  2 hornets
  3 air elementals (Zig:21)
  A culicivora (shapeshifter) (Zig:27)
  2 harpy simulacra (Coc:7)
  A kobold (D:7)
  17 ball lightnings (Pan)
  3 briar patches (Zig:16)
  19 demonic plants
  793 fire vortices
  10 foxfires (Zig:24)
  76 fungi
  233 plants
  4 starspawn tentacles (Zig:17)
  7 tentacles (Shoals:1)
  3 withered plants (Ossuary)
1200 creatures vanquished.

Grand Total: 8817 creatures vanquished

Notes
Turn   | Place    | Note
-------+----------+-------------------------------------------
     0 | D:1      | Jethros the Gargoyle Earth Elementalist began the quest for
                  | the Orb.
     0 | D:1      | Reached XP level 1. HP: 10/10 MP: 3/3
   151 | D:1      | Reached XP level 2. HP: 15/15 MP: 3/5
   500 | D:1      | Found a faded altar of an unknown god.
   510 | D:1      | Reached XP level 3. HP: 18/19 MP: 2/6
   522 | D:1      | Learned a level 3 spell: Stone Arrow
   525 | D:1      | Learned a level 2 spell: Passwall
  1418 | D:2      | Noticed Robin
  1501 | D:2      | Reached skill level 1 in Conjurations
  1572 | D:2      | Reached XP level 4. HP: 24/24 MP: 5/8
  3241 | D:4      | Reached skill level 5 in Earth Magic
  3290 | D:4      | Found a shimmering altar of Xom.
  3295 | D:4      | Found a broken altar of Ashenzari.
  3331 | D:4      | Found a sand-covered staircase.
  3359 | D:4      | Reached XP level 5. HP: 22/28 MP: 5/9
  3436 | Ossuary  | Entered an ossuary
  3768 | D:4      | Found a hazy altar of Hepliaklqana.
  3951 | D:4      | Found a shimmering blue altar of Sif Muna.
  4240 | D:4      | Reached XP level 6. HP: 32/32 MP: 7/11
  4522 | D:4      | Got Sif Muna's Dissertation on the Swarm
  4524 | D:4      | Got Sif Muna's Secrets of Battle Magic
  4526 | D:4      | Got Sif Muna's Atlas of Blasphemous Secrets
  4590 | D:5      | Entered Level 5 of the Dungeon
  4764 | D:5      | Found a radiant altar of Vehumet.
  4770 | D:5      | Became a worshipper of Vehumet
  4859 | D:5      | Reached XP level 7. HP: 36/36 MP: 10/13
  4865 | D:5      | Noticed a yak
  5166 | D:5      | Killed a yak
  5716 | D:5      | Reached skill level 5 in Spellcasting
  5805 | D:5      | Reached XP level 8. HP: 41/41 MP: 10/15
  5806 | D:5      | Reached skill level 5 in Conjurations
  6119 | D:5      | Reached skill level 1 in Armour
  6172 | D:5      | Reached skill level 1 in Fighting
  6256 | D:5      | Reached skill level 1 in Evocations
  6698 | D:6      | Reached * piety under Vehumet
  6698 | D:6      | Offered knowledge of Magic Dart by Vehumet.
  7009 | D:6      | Reached XP level 9. HP: 48/49 MP: 8/17
  7123 | D:6      | Found a sacrificial altar of Ru.
  7123 | D:6      | Found a burning altar of Makhleb.
  7262 | D:6      | Found a staircase to the Ecumenical Temple.
  7564 | D:7      | Found a shadowy altar of Dithmenos.
  7566 | D:7      | Found an opulent altar of Gozag.
  7924 | D:7      | Offered knowledge of Static Discharge by Vehumet.
  7927 | D:7      | Reached ** piety under Vehumet
  8277 | D:7      | Reached skill level 1 in Shields
  8932 | D:8      | Found an iron altar of Okawaru.
  9064 | D:8      | Reached XP level 10. HP: 56/56 MP: 17/19
  9134 | D:8      | You fall into a shaft and drop 1 floor!
  9168 | D:9      | Found a transporter.
  9215 | D:9      | Reached skill level 5 in Armour
  9250 | D:9      | Reached skill level 5 in Shields
  9490 | D:9      | Noticed Joseph
  9497 | D:9      | Killed Joseph
  9859 | D:10     | Entered Level 10 of the Dungeon
 10064 | D:10     | Offered knowledge of Inner Flame by Vehumet.
 10102 | D:10     | Noticed an orc knight
 10276 | D:10     | Killed an orc knight
 10480 | D:10     | Reached *** piety under Vehumet
 10510 | D:10     | Reached skill level 5 in Fighting
 10566 | D:10     | Reached XP level 11. HP: 63/63 MP: 15/21
 10974 | D:10     | Found a staircase to the Orcish Mines.
 11153 | D:11     | Offered knowledge of Ignite Poison by Vehumet.
 11296 | D:11     | Noticed a two-headed ogre
 11301 | D:11     | Killed a two-headed ogre
 11565 | D:11     | Reached skill level 5 in Evocations
 11636 | D:11     | Noticed Nergalle
 11682 | D:11     | Reached **** piety under Vehumet
 11683 | D:11     | Reached skill level 5 in Dodging
 11787 | D:11     | Reached skill level 10 in Earth Magic
 12024 | D:11     | Offered knowledge of Yara's Violent Unravelling by Vehumet.
 12065 | D:11     | Found a staircase to the Lair.
 12297 | D:11     | Reached XP level 12. HP: 71/71 MP: 23/23
 12352 | Lair:1   | Entered Level 1 of the Lair of Beasts
 12584 | Lair:1   | Learned a level 5 spell: Fireball
 12598 | Lair:1   | Reached skill level 1 in Fire Magic
 12896 | Lair:1   | Found a blossoming altar of Fedhas.
 12987 | Lair:2   | Noticed Gastronok
 12987 | Lair:2   | Noticed a catoblepas
 13008 | Lair:1   | HP: 1/71 [Gastronok/the air (26)]
 13015 | Lair:1   | Killed Gastronok
 13016 | Lair:1   | Reached skill level 5 in Fire Magic
 13105 | Lair:2   | Found a gate leading to a gauntlet.
 13130 | Gauntlet | Entered a Gauntlet
 13130 | Gauntlet | Found a transporter.
 13135 | Gauntlet | Noticed a tengu warrior
 13159 | Gauntlet | Found a large runed translucent door.
 13160 | Gauntlet | Found a large runed translucent door.
 13161 | Gauntlet | Found a large runed translucent door.
 13161 | Gauntlet | Found a large runed translucent door.
 13161 | Gauntlet | Found a runed translucent door.
 13161 | Gauntlet | Found a runed translucent door.
 13162 | Gauntlet | Found a large runed translucent door.
 13163 | Gauntlet | Found a large runed translucent door.
 13164 | Gauntlet | Found a large runed translucent door.
 13164 | Gauntlet | Found a large runed translucent door.
 13165 | Gauntlet | Found a runed translucent gate.
 13165 | Gauntlet | Found a runed translucent gate.
 13165 | Gauntlet | Found a runed translucent gate.
 13167 | Gauntlet | Found a transporter.
 13167 | Gauntlet | Noticed a tengu warrior
 13176 | Gauntlet | Found a large runed translucent door.
 13176 | Gauntlet | Found a large runed translucent door.
 13177 | Gauntlet | Found a large runed translucent door.
 13178 | Gauntlet | Found a large runed translucent door.
 13182 | Gauntlet | Found a transporter.
 13187 | Gauntlet | Found a transporter.
 13201 | Gauntlet | Noticed a hell beast
 13208 | Gauntlet | Found a transporter.
 13221 | Gauntlet | Found a transporter.
 13233 | Gauntlet | Found a transporter.
 13234 | Gauntlet | Noticed a hell beast
 13245 | Gauntlet | Found a transporter.
 13257 | Gauntlet | Found a transporter.
 13261 | Gauntlet | Noticed a hell beast
 13269 | Gauntlet | Found a transporter.
 13286 | Gauntlet | Found a transporter.
 13303 | Gauntlet | Found a transporter.
 13305 | Gauntlet | Found a transporter.
 13331 | Gauntlet | Found a transporter.
 13333 | Gauntlet | Found a transporter.
 13335 | Gauntlet | Found a transporter.
 13365 | Gauntlet | Found a large runed translucent door.
 13365 | Gauntlet | Found a large runed translucent door.
 13366 | Gauntlet | Found a large runed translucent door.
 13367 | Gauntlet | Found a large runed translucent door.
 13369 | Gauntlet | Found a transporter.
 13371 | Gauntlet | Found a transporter.
 13603 | Gauntlet | Killed a tengu warrior
 13756 | Gauntlet | Identified the ring of Roetimy {Fire Str-4 Int+3 Dex+2
                  | Stlth+}
 13763 | Gauntlet | Identified the +8 broad axe of Slime {vorpal, rElec rCorr
                  | Str+3}
 13874 | Gauntlet | Noticed a minotaur
 13879 | Gauntlet | Killed a minotaur
 13893 | Gauntlet | Learned a level 4 spell: Flame Wave
 14049 | Lair:2   | Found a staircase to the Snake Pit.
 14528 | Lair:2   | Reached XP level 13. HP: 76/76 MP: 14/24
 14836 | Lair:2   | Reached skill level 10 in Fire Magic
 14841 | Lair:2   | Reached ***** piety under Vehumet
 14898 | Lair:2   | Noticed Urug
 14901 | Lair:2   | Killed Urug
 14968 | Lair:2   | Offered knowledge of Ozocubu's Refrigeration by Vehumet.
 16577 | Lair:3   | Found a staircase to the Shoals.
 16947 | Lair:4   | Noticed Sonja
 16948 | Lair:4   | Killed Sonja
 17449 | Lair:5   | Entered Level 5 of the Lair of Beasts
 17465 | Lair:5   | Gained mutation: Your large and strong wings let you fly.
                  | [Gargoyle growth]
 17465 | Lair:5   | Reached XP level 14. HP: 40/84 MP: 23/26
 17480 | Lair:4   | Reached skill level 10 in Conjurations
 17545 | Lair:5   | Found a staircase to the Slime Pits.
 17671 | Lair:5   | Offered knowledge of Spellforged Servitor by Vehumet.
 17723 | Lair:5   | Found a dark tunnel.
 17733 | Volcano  | Entered a volcano
 18023 | Volcano  | Found a burning altar of Makhleb.
 18722 | Lair:5   | Identified the +4 short sword "Gunyma" {vorpal, rC- rN+++
                  | MP+9 Dex+4}
 18878 | Lair:5   | Reached XP level 15. HP: 75/90 MP: 12/28
 19229 | Lair:5   | Found a viscous altar of Jiyva.
 19335 | Lair:5   | Found a large runed translucent door.
 19335 | Lair:5   | Found a large runed translucent door.
 19374 | Lair:5   | Offered knowledge of Lightning Bolt by Vehumet.
 20078 | D:11     | Killed Nergalle
 20079 | D:11     | Reached skill level 10 in Spellcasting
 20385 | D:12     | Noticed Psyche
 20386 | D:12     | Killed Psyche
 20449 | D:12     | Noticed Snorg
 20456 | D:12     | Killed Snorg
 20760 | D:12     | Noticed Azrael
 20789 | D:12     | Reached XP level 16. HP: 53/96 MP: 21/30
 20793 | D:12     | Killed Azrael
 21194 | D:13     | Learned a level 6 spell: Iron Shot
 22285 | D:13     | Found a gate to the Vaults.
 23740 | D:15     | Entered Level 15 of the Dungeon
 23764 | D:15     | Found a frozen archway.
 23792 | IceCv    | Entered an ice cave
 23891 | IceCv    | Reached skill level 10 in Fighting
 24265 | IceCv    | Reached ****** piety under Vehumet
 24376 | IceCv    | Offered knowledge of Lee's Rapid Deconstruction by Vehumet.
 24390 | IceCv    | Learned a level 5 spell: Lee's Rapid Deconstruction
 24526 | IceCv    | Noticed an azure jelly
 24528 | IceCv    | Noticed an azure jelly
 24530 | IceCv    | Killed an azure jelly
 24532 | IceCv    | Noticed a rockslime
 24533 | IceCv    | Killed an azure jelly
 24537 | IceCv    | Killed a rockslime
 24636 | IceCv    | Found a viscous altar of Jiyva.
 24654 | IceCv    | Identified the +5 ring mail of the Untouchables {Contam
                  | Regen+ rCorr Slay+4}
 25479 | D:15     | Found a staircase to the Depths.
 25815 | Shoals:1 | Entered Level 1 of the Shoals
 26259 | Shoals:1 | Noticed a kraken
 26266 | Shoals:1 | Killed a kraken
 26482 | Shoals:1 | Noticed a kraken
 26491 | Shoals:1 | Killed a kraken
 26571 | Shoals:1 | Reached XP level 17. HP: 103/103 MP: 23/31
 27043 | Shoals:2 | Noticed Polyphemus
 27047 | Shoals:2 | Killed Polyphemus
 27258 | Shoals:2 | Offered knowledge of Freezing Cloud by Vehumet.
 27698 | Shoals:2 | Found an opulent altar of Gozag.
 28292 | Shoals:3 | Found Vashru's Weapon Emporium.
 28611 | Shoals:3 | Noticed a titan
 28613 | Shoals:3 | Found the +7 Spriggan's Knife {stab, EV+4 Stlth+}
 28627 | Shoals:3 | Killed a titan
 28716 | Shoals:3 | Found Woreofed's Book Boutique.
 28929 | Shoals:3 | Found Emna's Antique Armour Shoppe.
 28929 | Shoals:3 | Found Ysaucven's Magic Scroll Emporium.
 29017 | Shoals:3 | Bought a scroll of immolation for 68 gold pieces
 29017 | Shoals:3 | Bought a scroll of fear for 68 gold pieces
 29017 | Shoals:3 | Bought a scroll of fog for 68 gold pieces
 29017 | Shoals:3 | Bought a scroll of identify for 34 gold pieces
 29158 | Shoals:3 | Bought the +3 hat of Pondering {ponderous, Will+ MP+10
                  | Int+5} for 1485 gold pieces
 29158 | Shoals:3 | Found the +3 hat of Pondering {ponderous, Will+ MP+10
                  | Int+5}
 29231 | Shoals:4 | Entered Level 4 of the Shoals
 29231 | Shoals:4 | Noticed Bai Suzhen
 29241 | Shoals:3 | Killed Bai Suzhen
 29453 | Shoals:4 | Reached skill level 10 in Evocations
 29474 | Shoals:4 | Noticed Louise
 29491 | Shoals:4 | Learned a level 7 spell: Orb of Destruction
 29670 | Snake:1  | Entered Level 1 of the Snake Pit
 29828 | Snake:1  | Noticed Akuuror's ghost (adept GrFi)
 29844 | Snake:1  | Found a transporter.
 29928 | Snake:1  | Found a transporter.
 30251 | Snake:1  | Identified a scroll of acquirement
 30252 | Snake:1  | Acquired a staff of earth
 30277 | Snake:1  | Found Mimakh's Neck Hole.
 30345 | Snake:1  | Reached XP level 18. HP: 112/112 MP: 33/33
 30445 | Snake:1  | Offered knowledge of Starburst by Vehumet.
 30545 | Snake:1  | Reached skill level 15 in Earth Magic
 30989 | Snake:2  | Found a basalt altar of Yredelemnul.
 31119 | Snake:2  | You are sucked into a shaft and drop 1 floor!
 31335 | Snake:2  | Learned a level 8 spell: Ignition
 31516 | Snake:2  | Identified the +1 ring mail of Optimism {Fly rPois rN+
                  | Dex-2}
 32218 | Snake:3  | Found Juryit's Armour Boutique.
 32361 | Snake:3  | Offered knowledge of Lehudib's Crystal Spear by Vehumet.
 32560 | Snake:3  | Found Jasoyrr's Book Shop.
 32598 | Snake:3  | Found Badowoav's General Store.
 32719 | Snake:4  | Entered Level 4 of the Snake Pit
 33257 | Snake:4  | Noticed Vashnia
 33261 | Snake:4  | Killed Vashnia
 33430 | Snake:4  | Found Zehau's Book Boutique.
 33431 | Snake:4  | Found Qarch's Jewellery Shoppe.
 33432 | Snake:4  | Found Xuhoosh's Book Boutique.
 33518 | Snake:4  | Reached skill level 15 in Fire Magic
 33968 | Snake:4  | Got a serpentine rune of Zot
 34229 | Snake:1  | Reached XP level 19. HP: 116/116 MP: 36/36
 34233 | Snake:1  | Killed Akuuror's ghost
 34233 | Snake:1  | Offered knowledge of Fire Storm by Vehumet.
 34233 | Snake:1  | Offered knowledge of Shatter by Vehumet.
 34233 | Snake:1  | Offered knowledge of Maxwell's Capacitive Coupling by
                  | Vehumet.
 34250 | Snake:1  | Identified the +2 cloak of Noon {Str+3 SInv}
 34457 | Orc:1    | Entered Level 1 of the Orcish Mines
 34763 | Orc:1    | Found Wyssuogo's Jewellery Shoppe.
 34872 | Orc:2    | Entered Level 2 of the Orcish Mines
 35071 | Orc:2    | Found a staircase to the Elven Halls.
 35381 | Orc:2    | Found Yblykeil's Distillery.
 35552 | Orc:2    | Found Jesucojo's Magic Scroll Boutique.
 36153 | Orc:2    | Found Afesuzis's Antique Armour Shoppe.
 36153 | Orc:2    | Found Kidadek's Book Emporium.
 36153 | Orc:2    | Found a one-way gate leading to the halls of Pandemonium.
 36187 | Orc:2    | Bought a smoking leather armour for 259 gold pieces
 36187 | Orc:2    | Identified the +1 leather armour "Ibigib" {rElec rF++} (You
                  | bought it in a shop on level 2 of the Orcish Mines)
 36514 | Elf:1    | Entered Level 1 of the Elven Halls
 37468 | Elf:1    | Found Georphat's Assorted Antiques.
 37508 | Elf:1    | Bought a scroll of blinking for 247 gold pieces
 37602 | Elf:1    | Got the Directory of the Elephant
 37912 | Elf:2    | Reached skill level 15 in Conjurations
 38635 | Elf:2    | Noticed Aizul
 38642 | Elf:2    | Killed Aizul
 38775 | Elf:2    | Identified the +8 scimitar "Gauduydgh" {drain, Str+3
                  | Stlth+}
 38901 | Elf:2    | Found a runed translucent gate.
 38901 | Elf:2    | Found a runed translucent gate.
 38901 | Elf:2    | Found a runed translucent gate.
 38947 | Elf:2    | Reached XP level 20. HP: 122/122 MP: 37/37
 39840 | Elf:3    | Entered Level 3 of the Elven Halls
 40738 | Elf:3    | Found Tirgh's Distillery.
 40751 | Elf:3    | Bought a potion of brilliance for 44 gold pieces
 40751 | Elf:3    | Bought a potion of heal wounds for 55 gold pieces
 40751 | Elf:3    | Bought a potion of heal wounds for 55 gold pieces
 40751 | Elf:3    | Bought a potion of brilliance for 44 gold pieces
 40751 | Elf:3    | Bought a potion of curing for 33 gold pieces
 40751 | Elf:3    | Bought a potion of heal wounds for 55 gold pieces
 40751 | Elf:3    | Bought 2 potions of brilliance for 88 gold pieces
 41181 | Elf:3    | Identified the +10 short sword of Summer {elec, rF+ Will+}
 41197 | Elf:3    | Learned a level 9 spell: Shatter
 42272 | Shoals:3 | Bought a scroll of amnesia for 68 gold pieces
 42448 | Shoals:4 | Killed Louise
 42569 | Shoals:4 | Reached XP level 21. HP: 127/127 MP: 39/39
 42839 | Shoals:4 | Got a barnacled rune of Zot
 42988 | Shoals:4 | Identified the +1 shortbow of the Valley {flame, rC+ Dex+4}
 42989 | Shoals:4 | Identified the +8 plate armour of Kleptomania {Regen+}
 43236 | Slime:1  | Entered Level 1 of the Pits of Slime
 43653 | Slime:1  | Reached skill level 15 in Spellcasting
 44137 | Slime:2  | Gained mutation: You occasionally shout uncontrollably at
                  | your foes. [a shining eye]
 44944 | Slime:5  | Entered Level 5 of the Pits of Slime
 45023 | Slime:5  | Noticed the Royal Jelly
 45296 | Slime:5  | Found a viscous altar of Jiyva.
 45299 | Slime:5  | Found the +12 pair of quick blades "Gyre" and "Gimble"
                  | {protect}
 45918 | Slime:5  | Killed the Royal Jelly
 46145 | Slime:5  | Identified the ring "Ozad Xoy" {Ice Stlth+}
 46165 | Slime:5  | Identified the ring "Pesienox" {MP+9 Int+7}
 46170 | Slime:5  | Identified the +12 rapier "Uxiz" {freeze, rElec Int+2}
 46175 | Slime:5  | Identified the ring of Lismuhuu {rF+ rC+ Str-4 Dex+2 SInv}
 46198 | Slime:5  | Got the Grimoire of Energetic Conduction
 46208 | Slime:5  | Learned a level 8 spell: Lehudib's Crystal Spear
 46249 | Slime:5  | Got a slimy rune of Zot
 46250 | Slime:5  | Identified the +4 long sword "Raimafro" {protect, Dex+6}
 46935 | Vaults:1 | Entered Level 1 of the Vaults
 47097 | Vaults:1 | Reached XP level 22. HP: 132/132 MP: 41/41
 47965 | Vaults:1 | Found Milaocs Tebo's Armour Boutique.
 48389 | Vaults:2 | Identified the +2 ring mail "Dukijied" {Will+ Int+3 Stlth+}
 48441 | Vaults:2 | Found a staircase to the Crypt.
 48574 | Vaults:2 | Noticed Donald
 48578 | Vaults:2 | Killed Donald
 48897 | Vaults:2 | Found Jegetog's Weapon Shoppe.
 49156 | Vaults:3 | Noticed RutDarkdig's ghost (veteran DEEE)
 49157 | Vaults:3 | Found a transporter.
 49163 | Vaults:3 | Noticed a dread lich
 49168 | Vaults:3 | Killed a dread lich
 49180 | Vaults:3 | Killed RutDarkdig's ghost
 49183 | Vaults:3 | Found a transporter.
 49569 | Vaults:3 | Reached XP level 23. HP: 129/136 MP: 38/43
 50200 | Vaults:3 | Found Zeihoef's Jewellery Shop.
 51286 | Vaults:4 | Learned a level 9 spell: Fire Storm
 51515 | Depths:1 | Entered Level 1 of the Depths
 51936 | Depths:1 | Found a gateway to Hell.
 52525 | Depths:1 | Identified the +0 robe "Luremp" {rC+}
 52726 | Depths:2 | Found a one-way gateway to a ziggurat.
 52730 | Depths:2 | Reached XP level 24. HP: 134/142 MP: 44/44
 52992 | Depths:2 | Found Gozag's Antique Armour Shoppe.
 52998 | Depths:2 | Found an opulent altar of Gozag.
 53002 | Depths:2 | Found Gozag's Antique Weapon Shoppe.
 53133 | Depths:2 | Found Gozag's Antique Weapon Emporium.
 53622 | Depths:3 | Noticed a caustic shrike
 53625 | Depths:3 | Killed a caustic shrike
 53638 | Depths:3 | Noticed a juggernaut
 53642 | Depths:3 | Killed a juggernaut
 53701 | Depths:3 | Found a magical portal.
 53718 | WizLab   | Entered Cigotuvi's Fleshworks
 54052 | WizLab   | Found the -2 hat of the Alchemist {rElec rPois rF+ rC+ rN+
                  | Will+ rMut rCorr}
 54591 | Depths:3 | Found a shadowy altar of Dithmenos.
 54801 | Depths:3 | Found a one-way gate to the infinite horrors of the Abyss.
 55004 | Depths:3 | Identified the +0 chain mail of Vaijoh {rElec rN+ rCorr
                  | Dex-4}
 55117 | Depths:3 | Found a runed translucent gate.
 55117 | Depths:3 | Found a runed translucent gate.
 55117 | Depths:3 | Found a runed translucent gate.
 55225 | Depths:3 | Reached XP level 25. HP: 147/147 MP: 45/45
 55240 | Depths:3 | Found a runed translucent gate.
 55240 | Depths:3 | Found a runed translucent gate.
 55241 | Depths:3 | Found a runed translucent gate.
 55259 | Depths:3 | Noticed Qiwept's ghost (veteran BaIE)
 55264 | Depths:3 | Killed Qiwept's ghost
 55280 | Depths:3 | Identified the +0 pair of gloves "Foraxiha" {Slay+2}
 55392 | Depths:4 | Entered Level 4 of the Depths
 55414 | Depths:4 | Noticed a juggernaut
 55419 | Depths:4 | Killed a juggernaut
 55939 | Depths:4 | Found a gate to the Realm of Zot.
 56255 | Hell     | Entered the Vestibule of Hell
 56255 | Hell     | Noticed Geryon
 56261 | Hell     | Killed Geryon
 56481 | Hell     | Paralysed by a wendigo for 1 turns
 56590 | Hell     | Found a gateway to the freezing wastes of Cocytus.
 56697 | Hell     | Found a gateway to the Iron City of Dis.
 56783 | Hell     | Found a gateway to the ashen valley of Gehenna.
 56854 | Hell     | Found a gateway to the decaying netherworld of Tartarus.
 57527 | Hell     | Learned a level 9 spell: Death's Door
 57850 | Vaults:5 | Entered Level 5 of the Vaults
 57859 | Vaults:5 | Noticed an ancient lich
 57860 | Vaults:5 | Killed an ancient lich
 57876 | Vaults:5 | Reached XP level 26. HP: 142/152 MP: 47/47
 58047 | Vaults:5 | Noticed a dread lich
 58050 | Vaults:5 | Killed a dread lich
 58415 | Vaults:5 | Got the Guide on the Distorted Retinue
 58418 | Vaults:5 | Learned a level 1 spell: Apportation
 58443 | Vaults:5 | Identified the +2 pair of gloves of the Shrinking Gods
                  | {rElec}
 58503 | Vaults:5 | Found the +8 orange crystal plate armour {Archmagi, Int+3
                  | Clar}
 58508 | Vaults:5 | Got the Parchment of Execration and Conflagration
 58694 | Vaults:5 | Identified the +5 falchion "Hydrabane" {vorpal, Dex+2}
 58765 | Vaults:5 | Identified the ring of Okawaru's Esteem {Wiz rElec Will+}
 58813 | Vaults:5 | Identified the +5 lajatang of Twilight {holy, rPois Str+2
                  | Int+2}
 58821 | Vaults:5 | Identified the +6 plate armour "Inlum" {rN+}
 58962 | Vaults:5 | Identified the +4 glaive of Wapres {chaos, Str+3}
 59114 | Vaults:5 | Got a silver rune of Zot
 59473 | Zot:1    | Entered Level 1 of the Realm of Zot
 59889 | Zot:1    | Reached skill level 5 in Necromancy
 61288 | Zot:2    | Noticed an orb of fire
 61288 | Zot:2    | Gained mutation: Your body sometimes deteriorates upon
                  | taking damage. [an orb of fire]
 61291 | Zot:2    | Gained mutation: Your body often deteriorates upon taking
                  | damage. [an orb of fire]
 61292 | Zot:2    | Killed an orb of fire
 61399 | Hell     | Lost mutation: You occasionally shout uncontrollably at
                  | your foes. [potion of mutation]
 61399 | Hell     | Lost mutation: Your body often deteriorates upon taking
                  | damage. [potion of mutation]
 61399 | Hell     | Gained mutation: You are occasionally teleported next to
                  | monsters. [potion of mutation]
 61399 | Hell     | Gained mutation: You are partially covered in iridescent
                  | scales. (AC +2) [potion of mutation]
 61400 | Hell     | Lost mutation: Your body sometimes deteriorates upon taking
                  | damage. [potion of mutation]
 61400 | Hell     | Lost mutation: You are partially covered in iridescent
                  | scales. (AC +2) [potion of mutation]
 61400 | Hell     | Lost mutation: You are occasionally teleported next to
                  | monsters. [potion of mutation]
 61400 | Hell     | Gained mutation: Potions are less effective at restoring
                  | your health. [potion of mutation]
 61400 | Hell     | Gained mutation: Your spells are a little easier to cast,
                  | but a little less powerful. [potion of mutation]
 61401 | Hell     | Lost mutation: Potions are less effective at restoring your
                  | health. [potion of mutation]
 61401 | Hell     | Lost mutation: Your spells are a little easier to cast, but
                  | a little less powerful. [potion of mutation]
 61401 | Hell     | Gained mutation: You are weak. (Str -2) [potion of
                  | mutation]
 61402 | Hell     | Lost mutation: You are weak. (Str -2) [potion of mutation]
 61402 | Hell     | Gained mutation: Your natural rate of healing is unusually
                  | fast. [potion of mutation]
 61402 | Hell     | Gained mutation: You are partially covered in iridescent
                  | scales. (AC +2) [potion of mutation]
 61402 | Hell     | Gained mutation: You are strong-willed. (Will+) [potion of
                  | mutation]
 62045 | Zot:2    | Reached XP level 27. HP: 157/157 MP: 47/47
 62128 | Zot:2    | Reached skill level 10 in Necromancy
 62340 | Zot:3    | Noticed an orb of fire
 62349 | Zot:3    | Killed an orb of fire
 63459 | Zot:4    | Noticed Parghit
 63464 | Zot:4    | Killed Parghit
 63903 | Zot:4    | Identified the +4 scale mail of Carved the Good {rElec
                  | rPois Regen+ Str-3 Dex-4}
 64116 | Zot:4    | Found a transporter.
 64197 | Zot:4    | Found a transporter.
 64456 | Zot:4    | Found a transporter.
 64462 | Zot:4    | Found a transporter.
 64566 | Zot:5    | Entered Level 5 of the Realm of Zot
 64724 | Zot:5    | Acquired 965 gold pieces
 64962 | Zot:5    | Reached skill level 15 in Necromancy
 65111 | Zot:5    | Noticed an orb of fire
 65127 | Zot:5    | Noticed an orb of fire
 65129 | Zot:5    | Killed an orb of fire
 65129 | Zot:5    | Noticed an orb of fire
 65129 | Zot:5    | Noticed an orb of fire
 65131 | Zot:5    | Noticed an orb of fire
 65131 | Zot:5    | Noticed an orb of fire
 65135 | Zot:5    | Gained mutation: You occasionally shout uncontrollably at
                  | your foes. [an orb of fire]
 65135 | Zot:5    | Noticed an orb of fire
 65136 | Zot:5    | Noticed an orb of fire
 65144 | Zot:5    | Killed an orb of fire
 65156 | Zot:5    | Killed an orb of fire
 65158 | Zot:5    | Killed an orb of fire
 65160 | Zot:5    | Killed an orb of fire
 65164 | Zot:5    | Killed an orb of fire
 65166 | Zot:5    | Killed an orb of fire
 65346 | Zot:5    | Noticed an orb of fire
 65358 | Zot:5    | Killed an orb of fire
 65360 | Zot:5    | Killed an orb of fire
 65511 | Zot:5    | Noticed an orb of fire
 65514 | Zot:5    | Noticed a dread lich
 65515 | Zot:5    | Killed an orb of fire
 65517 | Zot:5    | Killed a dread lich
 65538 | Zot:5    | Noticed a dread lich
 65544 | Zot:5    | Killed a dread lich
 66447 | Crypt:1  | Entered Level 1 of the Crypt
 66578 | Crypt:1  | Identified the +4 mace "Giantslayer" {vorpal, Str+4}
 66967 | Crypt:1  | Found a runed translucent gate.
 66968 | Crypt:1  | Found a runed translucent gate.
 66969 | Crypt:1  | Found a runed translucent gate.
 66969 | Crypt:1  | Noticed an ancient lich
 66970 | Crypt:1  | Found an ancient bone altar of Kikubaaqudgha.
 66970 | Crypt:1  | Noticed Ulecsuczon's ghost (veteran MiGl)
 66978 | Crypt:1  | Killed an ancient lich
 66982 | Crypt:1  | Killed Ulecsuczon's ghost
 67007 | Crypt:1  | Identified the +2 helmet of the Elephant {-Tele Int+5}
 67013 | Crypt:1  | Identified the amulet of the Jolly Leylines {RegenMP +Blink
                  | rC- Int+3}
 67722 | Crypt:2  | Identified the ring of the Queen {Ice *Slow Int+5 Dex+2
                  | Stlth-}
 67722 | Crypt:2  | Noticed Josephina
 67725 | Crypt:2  | Killed Josephina
 67725 | Crypt:2  | Noticed Margery
 67728 | Crypt:2  | Killed Margery
 68356 | Crypt:3  | Entered Level 3 of the Crypt
 68385 | Crypt:3  | Noticed an ancient lich
 68401 | Crypt:3  | Killed an ancient lich
 68657 | Crypt:3  | Identified the +8 glaive of Destiny {elec, Drain rPois
                  | rF+++ Str+2}
 68657 | Crypt:3  | Identified the ring of Toaxt {rF+ rN+ Int+7}
 68798 | Crypt:3  | Found an ancient bone altar of Kikubaaqudgha.
 68803 | Crypt:3  | Identified the ring "Plog" {Drain +Blink rPois rN+ MP+9}
 68844 | Crypt:3  | Found a basalt altar of Yredelemnul.
 68908 | Crypt:3  | Identified the +9 glaive of Popular Demand {freeze, *Slow
                  | Will++ Int+4}
 69262 | Crypt:3  | Found a staircase to the Tomb.
 69313 | Crypt:3  | Noticed an ancient lich
 69320 | Crypt:3  | Killed an ancient lich
 69437 | Tomb:1   | Entered Level 1 of the Tomb of the Ancients
 69779 | Tomb:1   | Noticed a royal mummy
 69782 | Tomb:1   | Killed a royal mummy
 69992 | Tomb:1   | Noticed a royal mummy
 69994 | Tomb:1   | Killed a royal mummy
 70066 | Tomb:1   | Identified the +7 long sword of Spite {protect, rElec rPois
                  | SInv}
 70266 | Tomb:1   | Noticed a royal mummy
 70270 | Tomb:1   | Killed a royal mummy
 70271 | Tomb:1   | Noticed a royal mummy
 70271 | Tomb:1   | Noticed a royal mummy
 70273 | Tomb:1   | Killed a royal mummy
 70274 | Tomb:1   | Killed a royal mummy
 70275 | Tomb:1   | Noticed a royal mummy
 70276 | Tomb:1   | Killed a royal mummy
 70325 | Tomb:1   | Noticed a royal mummy
 70329 | Tomb:1   | Killed a royal mummy
 70329 | Tomb:1   | Noticed a royal mummy
 70332 | Tomb:1   | Killed a royal mummy
 70338 | Tomb:1   | Noticed a royal mummy
 70497 | Tomb:1   | Killed a royal mummy
 70507 | Tomb:1   | Noticed a royal mummy
 70511 | Tomb:1   | Killed a royal mummy
 70513 | Tomb:1   | Noticed a royal mummy
 70519 | Tomb:1   | Killed a royal mummy
 70610 | Tomb:1   | Noticed a royal mummy
 70612 | Tomb:1   | Killed a royal mummy
 70635 | Tomb:1   | Noticed a royal mummy
 70637 | Tomb:1   | Killed a royal mummy
 70640 | Tomb:1   | Noticed a royal mummy
 70644 | Tomb:1   | Killed a royal mummy
 70644 | Tomb:1   | Killed a royal mummy
 70944 | Tomb:2   | Noticed a royal mummy
 70944 | Tomb:2   | Noticed a royal mummy
 70947 | Tomb:2   | Killed a royal mummy
 70947 | Tomb:2   | Noticed a royal mummy
 70948 | Tomb:2   | Noticed a royal mummy
 70949 | Tomb:2   | Killed a royal mummy
 70949 | Tomb:2   | Noticed a royal mummy
 70959 | Tomb:2   | Killed a royal mummy
 70961 | Tomb:2   | Killed a royal mummy
 70963 | Tomb:2   | Killed a royal mummy
 71638 | Tomb:3   | Entered Level 3 of the Tomb of the Ancients
 71652 | Tomb:3   | Noticed a royal mummy
 71654 | Tomb:3   | Noticed a royal mummy
 71657 | Tomb:3   | Killed a royal mummy
 71657 | Tomb:3   | Killed a royal mummy
 71658 | Tomb:3   | Noticed Khufu
 71659 | Tomb:3   | Noticed a royal mummy
 71659 | Tomb:3   | Gained mutation: Your body sometimes deteriorates upon
                  | taking damage. [mutagenic glow]
 71660 | Tomb:3   | Killed a royal mummy
 71660 | Tomb:3   | Killed Khufu
 71660 | Tomb:3   | Noticed a royal mummy
 71662 | Tomb:3   | Noticed a royal mummy
 71662 | Tomb:3   | Noticed a royal mummy
 71664 | Tomb:3   | Killed a royal mummy
 71665 | Tomb:3   | Killed a royal mummy
 71665 | Tomb:3   | Killed a royal mummy
 71679 | Tomb:2   | Lost mutation: You are strong-willed. (Will+) [mutagenic
                  | glow]
 71738 | Tomb:2   | Lost mutation: You occasionally shout uncontrollably at
                  | your foes. [potion of mutation]
 71738 | Tomb:2   | Lost mutation: Your body sometimes deteriorates upon taking
                  | damage. [potion of mutation]
 71738 | Tomb:2   | Lost mutation: Your natural rate of healing is unusually
                  | fast. [potion of mutation]
 71738 | Tomb:2   | Gained mutation: Your magical capacity is low. (-10% MP)
                  | [potion of mutation]
 71738 | Tomb:2   | Lost mutation: Your magical capacity is low. (-10% MP)
                  | [potion of mutation]
 71738 | Tomb:2   | Gained mutation: Your muscles are strong. (Str +4, Int/Dex
                  | -1) [potion of mutation]
 71753 | Tomb:3   | Noticed a royal mummy
 71756 | Tomb:3   | Killed a royal mummy
 71767 | Tomb:3   | Noticed a royal mummy
 71771 | Tomb:3   | Killed a royal mummy
 71969 | Tomb:3   | Got a golden rune of Zot
 72105 | Tomb:3   | Identified the +0 robe of Impermeability {rN+}
 72173 | Tomb:3   | Identified the +0 ring mail of Lust {Drain rElec Will+
                  | Str+7}
 72187 | Tomb:3   | Identified the +2 leather armour of Amecrotz {rC+ Regen+
                  | Str+3}
 72190 | Tomb:3   | Identified the +11 short sword "Oha Kuse" {pain, Str+4}
 72193 | Tomb:3   | Identified the +5 spear "Maihy" {vorpal, rN++ rCorr Int-5
                  | SInv}
 72208 | Tomb:3   | Identified the +0 pair of boots of Yluet {rF- Regen+ rCorr
                  | Dex+2}
 72730 | Hell     | Lost mutation: You are partially covered in iridescent
                  | scales. (AC +2) [potion of mutation]
 72730 | Hell     | Lost mutation: Your muscles are strong. (Str +4, Int/Dex
                  | -1) [potion of mutation]
 72730 | Hell     | Gained mutation: Your skin changes colour to match your
                  | surroundings (Stealth+). [potion of mutation]
 72730 | Hell     | Gained mutation: You sometimes lose your temper in combat.
                  | [potion of mutation]
 72730 | Hell     | Gained mutation: You have a pair of small antennae on your
                  | head. [potion of mutation]
 72730 | Hell     | Gained mutation: You are robust. (+10% HP) [potion of
                  | mutation]
 72792 | Zig:1    | Entered Level 1 of a ziggurat
 72794 | Zig:1    | Reached skill level 1 in Ice Magic
 72814 | Zig:2    | Entered Level 2 of a ziggurat
 72830 | Zig:3    | Entered Level 3 of a ziggurat
 72858 | Zig:4    | Entered Level 4 of a ziggurat
 72871 | Zig:4    | Identified the +0 hand axe of Causality {elec, rPois rC+
                  | rN+ rCorr}
 72877 | Zig:5    | Entered Level 5 of a ziggurat
 72912 | Zig:6    | Entered Level 6 of a ziggurat
 72917 | Zig:6    | Reached skill level 5 in Ice Magic
 72944 | Zig:7    | Entered Level 7 of a ziggurat
 72952 | Zig:7    | Found the +5 lochaber axe {reach-cleave, poleaxe}
 72968 | Zig:7    | Identified the +4 triple crossbow "Bogell" {venom, Fly rC-
                  | Will+++ Dex+3}
 72984 | Zig:8    | Entered Level 8 of a ziggurat
 73022 | Zig:9    | Entered Level 9 of a ziggurat
 73069 | Zig:9    | Identified the ring "Geaniug" {Fly rC+ Will+ rCorr Str-3}
 73087 | Zig:10   | Entered Level 10 of a ziggurat
 73097 | Zig:10   | Reached skill level 10 in Ice Magic
 73135 | Zig:10   | Identified the +9 battleaxe of Bread {vorpal, rPois Dex+3}
 73146 | Zig:11   | Entered Level 11 of a ziggurat
 73253 | Zig:11   | Found the +9 staff of Olgreb {rPois∞}
 73282 | Zig:12   | Entered Level 12 of a ziggurat
 73307 | Zig:12   | Found the +5 demon whip "Spellbinder" {antimagic, Will+}
 73320 | Zig:12   | Identified the +1 rapier of Daghir {protect, rPois MP+9
                  | Int-5 Dex+4}
 73337 | Zig:12   | Identified the ring of the Ego {rN+ AC+4 Int+4}
 73340 | Zig:12   | Identified the +8 plate armour of Knowledge {+Blink Str-5
                  | SInv}
 73373 | Zig:13   | Entered Level 13 of a ziggurat
 73423 | Zig:13   | Got Fojoaluo's Textbook on Graupel
 73429 | Zig:13   | Got the Tome of Superposition
 73443 | Zig:13   | Identified the ring "Tuinkarch" {rCorr MP+9 Str+5 Int+4}
 73479 | Zig:13   | Learned a level 9 spell: Polar Vortex
 73480 | Zig:14   | Entered Level 14 of a ziggurat
 73495 | Zig:14   | Reached skill level 15 in Ice Magic
 73509 | Zig:14   | Identified the +10 hand axe "Xumut" {speed, Will+}
 73513 | Zig:14   | Identified the +1 leather armour "Juirowus" {Harm rF- Str+3
                  | Dex+3}
 73564 | Zig:15   | Entered Level 15 of a ziggurat
 73672 | Zig:15   | Identified the ring of the Lizard {rElec rN+ Dex+3 SInv}
 73676 | Zig:15   | Identified the +0 chain mail of Indemnity {rC- Str+3
                  | Slay+2}
 73707 | Zig:16   | Entered Level 16 of a ziggurat
 73811 | Zig:16   | Identified the +0 ring mail "Asiget" {rPois}
 73827 | Zig:17   | Entered Level 17 of a ziggurat
 73878 | Zig:17   | Identified the +1 cloak "Siositew" {Will++}
 73970 | Zig:18   | Entered Level 18 of a ziggurat
 73978 | Zig:18   | Noticed Cicest the pandemonium lord
 73981 | Zig:18   | Noticed Atupla the pandemonium lord
 73981 | Zig:18   | Noticed Xecukk the pandemonium lord
 73982 | Zig:18   | Noticed Siurph the pandemonium lord
 73982 | Zig:18   | Noticed Kisaumoa the pandemonium lord
 73982 | Zig:18   | Noticed Koqidol the pandemonium lord
 73983 | Zig:18   | Noticed Latus the pandemonium lord
 73983 | Zig:18   | Noticed Kyfoafiy the pandemonium lord
 73986 | Zig:19   | Entered Level 19 of a ziggurat
 74000 | Zig:19   | Paralysed by an air elemental for 1 turns
 74105 | Zig:19   | Found the +4 skin of Zhor {*Englaciate rC+++ SInv}
 74169 | Zig:19   | Identified the +0 whip of Turmoil {vorpal, Contam rPois
                  | Int+5 Stlth+}
 74172 | Zig:19   | Identified the +1 robe of Tulips {rF+ rC+ Int+5}
 74190 | Zig:20   | Entered Level 20 of a ziggurat
 74217 | Zig:20   | Noticed Jul Zaeph the pandemonium lord
 74223 | Zig:20   | Killed Jul Zaeph the pandemonium lord
 74294 | Zig:20   | Identified the +0 cloak of the Bulwark {Dex+6 SInv}
 74311 | Zig:20   | Identified the +8 broad axe "Orb Guardian's Bane" {vorpal,
                  | rPois Will+ rCorr}
 74318 | Zig:20   | Identified the +6 chain mail "Widituat" {rF- Dex+4}
 74328 | Zig:20   | Identified the +8 rapier of Dismay {holy, Contam Fly rN+
                  | Int+3}
 74330 | Zig:20   | Identified the +5 morningstar of Carved Honour {pain, rN+
                  | Int+2}
 74333 | Zig:20   | Identified the ring of the Teaching Priest {rPois rN+ Will+
                  | Int+4}
 74395 | Zig:21   | Entered Level 21 of a ziggurat
 74421 | Zig:21   | Noticed a juggernaut
 74422 | Zig:21   | Noticed a juggernaut
 74422 | Zig:21   | Noticed a juggernaut
 74423 | Zig:21   | Noticed a juggernaut
 74424 | Zig:21   | Noticed a juggernaut
 74425 | Zig:21   | Killed a juggernaut
 74425 | Zig:21   | Killed a juggernaut
 74426 | Zig:21   | Killed a juggernaut
 74427 | Zig:21   | Killed a juggernaut
 74428 | Zig:21   | Killed a juggernaut
 74492 | Zig:21   | Identified the ring "Eveliast" {rC+ Will+ Str+3}
 74514 | Zig:21   | Identified the ring "Ilaeqodghigis" {Dex+3 SInv Stlth+}
 74516 | Zig:21   | Identified the +5 plate armour of Darkness {+Inv Regen+}
 74519 | Zig:21   | Identified the ring of Kotwacup {MP+9 Dex+4}
 74528 | Zig:22   | Entered Level 22 of a ziggurat
 74697 | Zig:22   | Identified the +9 shortbow "Futyobb" {flame, +Blink}
 74707 | Zig:23   | Entered Level 23 of a ziggurat
 74867 | Zig:23   | Identified the +3 bardiche of the Undead {venom, Contam Fly
                  | Dex+3}
 74869 | Zig:23   | Identified the +6 flail of Untimely Demise {flame, rPois
                  | rN+ Will+ Dex-5}
 74905 | Zig:23   | Identified the +6 battleaxe "Yffeijye" {freeze, Drain rCorr
                  | Dex+3}
 74913 | Zig:23   | Identified the ring "Xoco" {rN+ rCorr}
 74922 | Zig:24   | Entered Level 24 of a ziggurat
 75030 | Zig:24   | Found the +0 staff of Battle
 75075 | Zig:24   | Identified the ring "Lulargh" {rElec rF- rC+ rN+++ Str+9}
 75090 | Zig:24   | Learned a level 7 spell: Ozocubu's Refrigeration
 75108 | Zig:25   | Entered Level 25 of a ziggurat
 75125 | Zig:25   | Noticed a dread lich
 75130 | Zig:25   | Killed a dread lich
 75135 | Zig:25   | Noticed an ancient lich
 75136 | Zig:25   | Noticed an ancient lich
 75138 | Zig:25   | Killed an ancient lich
 75138 | Zig:25   | Killed an ancient lich
 75139 | Zig:25   | Reached skill level 27 in Spellcasting
 75139 | Zig:25   | Reached skill level 1 in Staves
 75141 | Zig:25   | Noticed an ancient lich
 75143 | Zig:25   | Killed an ancient lich
 75290 | Zig:25   | Identified the ring of Gawet {Ice *Slow rN+ Str+3}
 75296 | Zig:25   | Identified the +5 halberd "Langes" {protect, rN+++ rCorr
                  | MP-9 SInv}
 75330 | Zig:25   | Identified the ring "Masabaur" {Fire Will+ Dex+4}
 75337 | Zig:25   | Identified the amulet "Niuxapt" {RegenMP rElec Slay+3}
 75361 | Zig:26   | Entered Level 26 of a ziggurat
 75392 | Zig:26   | Reached skill level 10 in Dodging
 75394 | Zig:26   | Noticed an ancient lich
 75400 | Zig:26   | Killed an ancient lich
 75728 | Zig:26   | Identified the +2 scale mail of Idwy {+Blink rElec}
 75737 | Zig:26   | Identified the +0 pair of gloves "Irallo" {rPois rN+++
                  | Dex-2 Slay+5}
 75738 | Zig:26   | Identified the +1 sling of Bioptuitu {flame, rPois Will-
                  | Dex+2}
 75758 | Zig:26   | Identified the +3 shortbow "Abogguth" {flame, rF+ rC+ Will+
                  | Dex+4}
 75759 | Zig:26   | Identified the +6 arbalest "Karaj" {flame, rF+ SInv}
 75767 | Zig:27   | Entered Level 27 of a ziggurat
 75786 | Zig:27   | Noticed a juggernaut
 75787 | Zig:27   | Noticed a juggernaut
 75788 | Zig:27   | Noticed a juggernaut
 75789 | Zig:27   | Noticed a juggernaut
 75789 | Zig:27   | Noticed a juggernaut
 75789 | Zig:27   | Noticed a juggernaut
 75790 | Zig:27   | Killed a juggernaut
 75790 | Zig:27   | Noticed a juggernaut
 75792 | Zig:27   | Killed a juggernaut
 75792 | Zig:27   | Killed a juggernaut
 75792 | Zig:27   | Killed a juggernaut
 75792 | Zig:27   | Noticed a juggernaut
 75792 | Zig:27   | Noticed a juggernaut
 75793 | Zig:27   | Killed a juggernaut
 75793 | Zig:27   | Killed a juggernaut
 75794 | Zig:27   | Killed a juggernaut
 75794 | Zig:27   | Killed a juggernaut
 75794 | Zig:27   | Killed a juggernaut
 75795 | Zig:27   | Noticed a juggernaut
 75798 | Zig:27   | Killed a juggernaut
 75822 | Zig:27   | Reached skill level 15 in Fighting
 75982 | Zig:27   | Identified the +3 hand axe of the Hurting Shark {holy,
                  | *Slow rPois rF++ rN+}
 75992 | Zig:27   | Identified the +1 scale mail of Tavan {-Cast Dex+8 Slay+5}
 76004 | Zig:27   | Identified the ring of Doysall {Fire Str+7 Int+6 Dex-2}
 76106 | Hell     | Lost mutation: You have a pair of small antennae on your
                  | head. [potion of mutation]
 76106 | Hell     | Lost mutation: Your skin changes colour to match your
                  | surroundings (Stealth+). [potion of mutation]
 76106 | Hell     | Gained mutation: You expend magic power (3 MP) to
                  | strengthen your wands. [potion of mutation]
 76107 | Hell     | Lost mutation: You sometimes lose your temper in combat.
                  | [potion of mutation]
 76107 | Hell     | Lost mutation: You are robust. (+10% HP) [potion of
                  | mutation]
 76107 | Hell     | Lost mutation: You expend magic power (3 MP) to strengthen
                  | your wands. [potion of mutation]
 76107 | Hell     | Gained mutation: Your muscles are strong. (Str +4, Int/Dex
                  | -1) [potion of mutation]
 76107 | Hell     | Gained mutation: You are dopey. (Int -2) [potion of
                  | mutation]
 76107 | Hell     | Gained mutation: Your muscles are very strong. (Str +8,
                  | Int/Dex -2) [potion of mutation]
 76108 | Hell     | Lost mutation: Your muscles are very strong. (Str +8,
                  | Int/Dex -2) [potion of mutation]
 76108 | Hell     | Lost mutation: Your muscles are strong. (Str +4, Int/Dex
                  | -1) [potion of mutation]
 76108 | Hell     | Gained mutation: Your natural rate of healing is unusually
                  | fast. [potion of mutation]
 76108 | Hell     | Gained mutation: You possess an exceptional clarity of
                  | mind. [potion of mutation]
 76109 | Hell     | Lost mutation: You are dopey. (Int -2) [potion of mutation]
 76109 | Hell     | Lost mutation: Your natural rate of healing is unusually
                  | fast. [potion of mutation]
 76109 | Hell     | Lost mutation: You possess an exceptional clarity of mind.
                  | [potion of mutation]
 76109 | Hell     | Gained mutation: You occasionally shout uncontrollably at
                  | your foes. [potion of mutation]
 76109 | Hell     | Lost mutation: You occasionally shout uncontrollably at
                  | your foes. [potion of mutation]
 76109 | Hell     | Gained mutation: You are partially covered in large bone
                  | plates. (SH +4) [potion of mutation]
 76110 | Hell     | Lost mutation: You are partially covered in large bone
                  | plates. (SH +4) [potion of mutation]
 76110 | Hell     | Gained mutation: You are agile. (Dex +4, Str/Int -1)
                  | [potion of mutation]
 76110 | Hell     | Lost mutation: You are agile. (Dex +4, Str/Int -1) [potion
                  | of mutation]
 76111 | Hell     | Gained mutation: Your spells are a little easier to cast,
                  | but a little less powerful. [potion of mutation]
 76111 | Hell     | Gained mutation: You possess an exceptional clarity of
                  | mind. [potion of mutation]
 76111 | Hell     | Gained mutation: Your movements are slightly less
                  | encumbered by armour. (ER -2) [potion of mutation]
 76112 | Hell     | Lost mutation: You possess an exceptional clarity of mind.
                  | [potion of mutation]
 76112 | Hell     | Lost mutation: Your spells are a little easier to cast, but
                  | a little less powerful. [potion of mutation]
 76112 | Hell     | Gained mutation: You passively map a small area around you.
                  | [potion of mutation]
 76112 | Hell     | Gained mutation: Your natural rate of healing is unusually
                  | fast. [potion of mutation]
 76113 | Hell     | Lost mutation: Your movements are slightly less encumbered
                  | by armour. (ER -2) [potion of mutation]
 76113 | Hell     | Lost mutation: Your natural rate of healing is unusually
                  | fast. [potion of mutation]
 76113 | Hell     | Lost mutation: You passively map a small area around you.
                  | [potion of mutation]
 76113 | Hell     | Gained mutation: You are clumsy. (Dex -2) [potion of
                  | mutation]
 76113 | Hell     | Gained mutation: You occasionally lose the ability to read
                  | scrolls when taking damage. [potion of mutation]
 76113 | Hell     | Gained mutation: You are robust. (+10% HP) [potion of
                  | mutation]
 76114 | Hell     | Lost mutation: You are robust. (+10% HP) [potion of
                  | mutation]
 76114 | Hell     | Lost mutation: You occasionally lose the ability to read
                  | scrolls when taking damage. [potion of mutation]
 76114 | Hell     | Gained mutation: Your flesh is cold resistant. (rC+)
                  | [potion of mutation]
 76114 | Hell     | Gained mutation: Armour fits poorly on your strangely
                  | shaped body. [potion of mutation]
 76114 | Hell     | Gained mutation: Your magical capacity is low. (-10% MP)
                  | [potion of mutation]
 76114 | Hell     | Gained mutation: Your muscles are strong. (Str +4, Int/Dex
                  | -1) [potion of mutation]
 76115 | Hell     | Lost mutation: Your muscles are strong. (Str +4, Int/Dex
                  | -1) [potion of mutation]
 76115 | Hell     | Lost mutation: You are clumsy. (Dex -2) [potion of
                  | mutation]
 76115 | Hell     | Lost mutation: Armour fits poorly on your strangely shaped
                  | body. [potion of mutation]
 76115 | Hell     | Gained mutation: You have large cloven feet. [potion of
                  | mutation]
 76115 | Hell     | Gained mutation: Your mind is acute. (Int +4, Str/Dex -1)
                  | [potion of mutation]
 76116 | Hell     | Lost mutation: Your magical capacity is low. (-10% MP)
                  | [potion of mutation]
 76116 | Hell     | Lost mutation: Your mind is acute. (Int +4, Str/Dex -1)
                  | [potion of mutation]
 76116 | Hell     | Lost mutation: You have large cloven feet. [potion of
                  | mutation]
 76116 | Hell     | Gained mutation: You passively map a small area around you.
                  | [potion of mutation]
 76116 | Hell     | Gained mutation: You occasionally shout uncontrollably at
                  | your foes. [potion of mutation]
 76117 | Hell     | Lost mutation: You occasionally shout uncontrollably at
                  | your foes. [potion of mutation]
 76117 | Hell     | Lost mutation: Your flesh is cold resistant. (rC+) [potion
                  | of mutation]
 76117 | Hell     | Lost mutation: You passively map a small area around you.
                  | [potion of mutation]
 76117 | Hell     | Gained mutation: You have sharp fingernails. [potion of
                  | mutation]
 76117 | Hell     | Gained mutation: Your magical capacity is low. (-10% MP)
                  | [potion of mutation]
 76117 | Hell     | Gained mutation: You are somewhat resistant to further
                  | mutation. [potion of mutation]
 76118 | Hell     | Lost mutation: You are somewhat resistant to further
                  | mutation. [potion of mutation]
 76118 | Hell     | Lost mutation: You have sharp fingernails. [potion of
                  | mutation]
 76118 | Hell     | Lost mutation: Your magical capacity is low. (-10% MP)
                  | [potion of mutation]
 76118 | Hell     | Gained mutation: You are agile. (Dex +4, Str/Int -1)
                  | [potion of mutation]
 76118 | Hell     | Gained mutation: You are weak. (Str -2) [potion of
                  | mutation]
 76119 | Hell     | Lost mutation: You are agile. (Dex +4, Str/Int -1) [potion
                  | of mutation]
 76119 | Hell     | Lost mutation: You are weak. (Str -2) [potion of mutation]
 76119 | Hell     | Gained mutation: Your flesh is heat resistant. (rF+)
                  | [potion of mutation]
 76119 | Hell     | Gained mutation: Your natural rate of healing is unusually
                  | fast. [potion of mutation]
 76190 | Zig:1    | Entered Level 1 of a ziggurat
 76206 | Zig:2    | Entered Level 2 of a ziggurat
 76223 | Zig:3    | Entered Level 3 of a ziggurat
 76249 | Zig:4    | Entered Level 4 of a ziggurat
 76283 | Zig:5    | Entered Level 5 of a ziggurat
 76416 | Zig:5    | Identified the ring of Marhe {+Blink Fly rCorr Dex-3}
 76435 | Zig:6    | Entered Level 6 of a ziggurat
 76438 | Zig:6    | Found the ring of the Tortoise {AC+8}
 76440 | Zig:6    | Found the +13 scythe of Curses {drain, Drain}
 76494 | Zig:7    | Entered Level 7 of a ziggurat
 76500 | Zig:7    | Noticed Oxiad the pandemonium lord
 76503 | Zig:7    | Killed Oxiad the pandemonium lord
 76552 | Zig:8    | Entered Level 8 of a ziggurat
 76596 | Zig:9    | Entered Level 9 of a ziggurat
 76603 | Zig:9    | Noticed an orb of fire
 76603 | Zig:9    | Noticed an orb of fire
 76603 | Zig:9    | Noticed an orb of fire
 76604 | Zig:9    | Noticed an orb of fire
 76604 | Zig:9    | Gained mutation: You are clumsy. (Dex -2) [an orb of fire]
 76605 | Zig:9    | Noticed an orb of fire
 76608 | Zig:9    | Gained mutation: You are partially covered in iridescent
                  | scales. (AC +2) [an orb of fire]
 76610 | Zig:9    | Killed an orb of fire
 76610 | Zig:9    | Killed an orb of fire
 76611 | Zig:9    | Killed an orb of fire
 76611 | Zig:9    | Killed an orb of fire
 76611 | Zig:9    | Gained mutation: You are very clumsy. (Dex -4) [an orb of
                  | fire]
 76613 | Zig:9    | Killed an orb of fire
 76626 | Zig:9    | Identified the +0 leather armour of Forking Paths {*Corrode
                  | +Blink rPois Regen+}
 76640 | Zig:9    | Identified the amulet "Eqoi" {Reflect rElec SH+5}
 76657 | Zig:9    | Lost mutation: Your natural rate of healing is unusually
                  | fast. [potion of mutation]
 76657 | Zig:9    | Lost mutation: Your flesh is heat resistant. (rF+) [potion
                  | of mutation]
 76657 | Zig:9    | Gained mutation: Armour fits poorly on your strangely
                  | shaped body. [potion of mutation]
 76657 | Zig:9    | Gained mutation: You have a pair of small horns on your
                  | head. [potion of mutation]
 76658 | Zig:9    | Lost mutation: Armour fits poorly on your strangely shaped
                  | body. [potion of mutation]
 76658 | Zig:9    | Lost mutation: You are partially covered in iridescent
                  | scales. (AC +2) [potion of mutation]
 76658 | Zig:9    | Gained mutation: You have sharp toenails. [potion of
                  | mutation]
 76658 | Zig:9    | Gained mutation: Your movements are slightly less
                  | encumbered by armour. (ER -2) [potion of mutation]
 76659 | Zig:9    | Lost mutation: You are very clumsy. (Dex -4) [potion of
                  | mutation]
 76659 | Zig:9    | Lost mutation: Your movements are slightly less encumbered
                  | by armour. (ER -2) [potion of mutation]
 76659 | Zig:9    | Lost mutation: You are clumsy. (Dex -2) [potion of
                  | mutation]
 76659 | Zig:9    | Gained mutation: You are partially covered in large bone
                  | plates. (SH +4) [potion of mutation]
 76659 | Zig:9    | Gained mutation: Your flesh is heat resistant. (rF+)
                  | [potion of mutation]
 76981 | Zig:9    | Learned a level 2 spell: Blink
 76982 | Zig:10   | Entered Level 10 of a ziggurat
 77039 | Zig:11   | Entered Level 11 of a ziggurat
 77052 | Zig:11   | Gained mutation: Your body sometimes deteriorates upon
                  | taking damage. [a shining eye]
 77053 | Zig:11   | Gained mutation: You are weak. (Str -2) [a shining eye]
 77080 | Zig:11   | Lost mutation: Your body sometimes deteriorates upon taking
                  | damage. [potion of mutation]
 77080 | Zig:11   | Lost mutation: Your flesh is heat resistant. (rF+) [potion
                  | of mutation]
 77080 | Zig:11   | Lost mutation: You have a pair of small horns on your head.
                  | [potion of mutation]
 77080 | Zig:11   | Gained mutation: You have hidden genetic potential. [potion
                  | of mutation]
 77080 | Zig:11   | Gained mutation: You are frail. (-10% HP) [potion of
                  | mutation]
 77080 | Zig:11   | Gained mutation: You occasionally lose the ability to drink
                  | potions when taking damage. [potion of mutation]
 77081 | Zig:11   | Lost mutation: You are weak. (Str -2) [potion of mutation]
 77081 | Zig:11   | Lost mutation: You have sharp toenails. [potion of
                  | mutation]
 77081 | Zig:11   | Gained mutation: You are weak. (Str -2) [potion of
                  | mutation]
 77081 | Zig:11   | Gained mutation: Your flesh is cold resistant. (rC+)
                  | [potion of mutation]
 77081 | Zig:11   | Gained mutation: You expend magic power (3 MP) to
                  | strengthen your wands. [potion of mutation]
 77082 | Zig:11   | Lost mutation: Your flesh is cold resistant. (rC+) [potion
                  | of mutation]
 77082 | Zig:11   | Lost mutation: You are weak. (Str -2) [potion of mutation]
 77083 | Zig:11   | Lost mutation: You are partially covered in large bone
                  | plates. (SH +4) [potion of mutation]
 77083 | Zig:11   | Lost mutation: You expend magic power (3 MP) to strengthen
                  | your wands. [potion of mutation]
 77083 | Zig:11   | Gained mutation: Your flesh is cold resistant. (rC+)
                  | [potion of mutation]
 77083 | Zig:11   | Gained mutation: You possess an exceptional clarity of
                  | mind. [potion of mutation]
 77094 | Zig:11   | Reached skill level 10 in Staves
 77108 | Zig:11   | Identified the +5 chain mail of the Dragon {Rampage rElec
                  | SInv}
 77122 | Zig:11   | Acquired the +1 pair of boots "Pacaget" {rC+ Int+4}
 77139 | Zig:12   | Entered Level 12 of a ziggurat
 77175 | Zig:12   | Identified the +9 dire flail "Ihiuxose" {freeze, *Rage
                  | +Blink Will+ Dex+2}
 77179 | Zig:12   | Identified the ring "Pixzak" {Str+6 Dex+3}
 77182 | Zig:12   | Identified the +3 long sword "Caeh" {venom, Int+3}
 77187 | Zig:12   | Identified the amulet of Eskace {rC++ Regen+}
 77191 | Zig:12   | Identified the amulet "Coonn" {Drain Fly Regen+ Str+6}
 77262 | Zig:13   | Entered Level 13 of a ziggurat
 77278 | Zig:13   | Noticed a dread lich
 77278 | Zig:13   | Noticed a dread lich
 77278 | Zig:13   | Noticed a dread lich
 77278 | Zig:13   | Found the +7 lajatang of Order {silver, rMut}
 77278 | Zig:13   | Paralysed by a sphinx for 4 turns
 77282 | Zig:13   | Noticed a dread lich
 77285 | Zig:13   | Killed a dread lich
 77285 | Zig:13   | Killed a dread lich
 77286 | Zig:13   | Killed a dread lich
 77286 | Zig:13   | Killed a dread lich
 77301 | Zig:13   | Identified the ring of the Monkey {Int+5 SInv}
 77718 | Zig:14   | Entered Level 14 of a ziggurat
 77736 | Zig:14   | Found the necklace of Bloodlust {*Rage Will++ Int-3 Slay+6}
 77882 | Zig:15   | Entered Level 15 of a ziggurat
 77888 | Zig:15   | Noticed Ateczome the pandemonium lord
 77895 | Zig:15   | Killed Ateczome the pandemonium lord
 77896 | Zig:15   | Noticed Furisaca the pandemonium lord
 77906 | Zig:15   | Killed Furisaca the pandemonium lord
 77908 | Zig:15   | Noticed Tobruhyc the pandemonium lord
 77911 | Zig:15   | Killed Tobruhyc the pandemonium lord
 77964 | Zig:15   | Identified the amulet of the Stallion {rElec Regen+ Str+6
                  | SInv}
 78056 | Zig:16   | Entered Level 16 of a ziggurat
 78073 | Zig:16   | Found the +7 sceptre of Torment {pain, torment}
 78095 | Zig:16   | Identified the +8 sling "Wiudoq" {freeze, MP+9}
 78095 | Zig:16   | Gained mutation: Your flesh is heat resistant. (rF+)
                  | [hidden potential]
 78109 | Zig:16   | Identified the +5 flail of the Living Dead {freeze, rN+
                  | rCorr Dex+3}
 78110 | Zig:16   | Identified the +0 ice dragon scales "Nuvun" {+Blink rPois
                  | rF- rC++ Dex-4}
 78115 | Zig:16   | Identified the ring of Fepsosmi {rC- Int+3 Dex+4 SInv}
 78118 | Zig:16   | Identified the +5 long sword of Mafogalu {protect, Will-
                  | Int+6}
 78120 | Zig:16   | Identified the +8 hand axe of the Eternal Void {elec, rElec
                  | Int+6}
 78142 | Zig:17   | Entered Level 17 of a ziggurat
 78158 | Zig:17   | Noticed a dread lich
 78159 | Zig:17   | Noticed an ancient lich
 78160 | Zig:17   | Killed a dread lich
 78161 | Zig:17   | Noticed a dread lich
 78162 | Zig:17   | Killed an ancient lich
 78163 | Zig:17   | Noticed an ancient lich
 78164 | Zig:17   | Noticed a dread lich
 78166 | Zig:17   | Killed a dread lich
 78166 | Zig:17   | Killed a dread lich
 78168 | Zig:17   | Killed an ancient lich
 78175 | Zig:17   | Found the +8 arc blade {discharge, rElec}
 78224 | Zig:17   | Identified the +1 broad axe of Ynouho {vorpal, rPois Str+4
                  | Int+3}
 78225 | Zig:17   | Identified the +1 halberd "Beastbane" {vorpal, Int+4}
 78235 | Zig:17   | Identified the +10 mace "Ufiaw" {vorpal, Int+3}
 78242 | Zig:17   | Identified the ring "Xodghim" {Str+2 Dex+6 Slay+3}
 78249 | Zig:18   | Entered Level 18 of a ziggurat
 78349 | Zig:18   | Identified the ring "Ystofelu" {rC+ rN+}
 78361 | Zig:18   | Identified the +5 dagger of the Vaults {venom, rPois}
 78395 | Zig:19   | Entered Level 19 of a ziggurat
 78412 | Zig:19   | Noticed a royal mummy
 78413 | Zig:19   | Noticed a royal mummy
 78414 | Zig:19   | Noticed a royal mummy
 78415 | Zig:19   | Killed a royal mummy
 78416 | Zig:19   | Noticed a royal mummy
 78416 | Zig:19   | Noticed a royal mummy
 78419 | Zig:19   | Noticed a royal mummy
 78420 | Zig:19   | Killed a royal mummy
 78420 | Zig:19   | Killed a royal mummy
 78420 | Zig:19   | Killed a royal mummy
 78423 | Zig:19   | Killed a royal mummy
 78423 | Zig:19   | Killed a royal mummy
 78434 | Zig:19   | Gained mutation: Your flesh is very heat resistant. (rF++)
                  | [hidden potential]
 78434 | Zig:19   | Lost mutation: You have hidden genetic potential. [hidden
                  | potential expressed]
 78454 | Zig:19   | Identified the +1 robe "Hyrurgh" {rPois rCorr}
 78464 | Zig:19   | Reached skill level 15 in Dodging
 78478 | Zig:19   | Identified the +0 ring mail of the Villain {Will+ Dex+3}
 78528 | Zig:20   | Entered Level 20 of a ziggurat
 78533 | Zig:20   | Noticed a dread lich
 78533 | Zig:20   | Noticed a dread lich
 78535 | Zig:20   | Killed a dread lich
 78535 | Zig:20   | Killed a dread lich
 78628 | Zig:20   | Acquired the amulet "Jeleocs" {Reflect Drain rElec rF++
                  | Regen+ SH+5}
 78644 | Zig:20   | Identified the +7 dagger of the Teaching Hero {drain, *Rage
                  | rElec Str+4}
 78653 | Zig:21   | Entered Level 21 of a ziggurat
 78683 | Zig:21   | Found the +5 glaive of the Guard {elec, spectral, AC+5}
 78779 | Zig:21   | Identified the +0 scale mail of Beyond {rPois Regen+ rCorr
                  | Stlth-}
 78801 | Zig:21   | Identified the ring of Utaipe {Fire Int+2}
 78822 | Zig:22   | Entered Level 22 of a ziggurat
 78838 | Zig:22   | Noticed a dread lich
 78840 | Zig:22   | Killed a dread lich
 78841 | Zig:22   | Noticed an ancient lich
 78843 | Zig:22   | Noticed a dread lich
 78843 | Zig:22   | Killed a dread lich
 78844 | Zig:22   | Reached skill level 27 in Earth Magic
 78844 | Zig:22   | Noticed a dread lich
 78845 | Zig:22   | Killed an ancient lich
 78846 | Zig:22   | Killed a dread lich
 78847 | Zig:22   | Noticed an ancient lich
 78848 | Zig:22   | Killed an ancient lich
 78849 | Zig:22   | Noticed a dread lich
 78849 | Zig:22   | Noticed a dread lich
 78851 | Zig:22   | Killed a dread lich
 78851 | Zig:22   | Noticed a dread lich
 78852 | Zig:22   | Killed a dread lich
 78852 | Zig:22   | Noticed an ancient lich
 78853 | Zig:22   | Reached skill level 15 in Evocations
 78855 | Zig:22   | Killed a dread lich
 78856 | Zig:22   | Killed an ancient lich
 78858 | Zig:22   | Found the amulet of the Four Winds {rN+ Will+++ Clar}
 78976 | Zig:23   | Entered Level 23 of a ziggurat
 79020 | Zig:23   | Found the +2 hood of the Assassin {Detection Stab+ Stlth++}
 79075 | Zig:23   | Identified the +2 dire flail "Zosoar" {drain, Str+4}
 79089 | Zig:23   | Identified the ring of Quix {rF+ Dex+5 Stlth-}
 79109 | Zig:23   | Identified the amulet of Grontol {Faith +Inv Str+4 Dex+2
                  | SInv}
 79122 | Zig:24   | Entered Level 24 of a ziggurat
 79147 | Zig:24   | Reached skill level 27 in Fire Magic
 79269 | Zig:24   | Identified the +1 great mace of Triumph {vorpal, Int+3
                  | SInv}
 79275 | Zig:24   | Identified the +8 falchion of Ongumas {drain, Dex+3}
 79281 | Zig:25   | Entered Level 25 of a ziggurat
 79305 | Zig:25   | Noticed a juggernaut
 79305 | Zig:25   | Killed a juggernaut
 79307 | Zig:25   | Noticed a juggernaut
 79309 | Zig:25   | Noticed a juggernaut
 79309 | Zig:25   | Noticed a juggernaut
 79310 | Zig:25   | Killed a juggernaut
 79311 | Zig:25   | Reached skill level 27 in Ice Magic
 79311 | Zig:25   | Killed a juggernaut
 79311 | Zig:25   | Killed a juggernaut
 79449 | Zig:25   | Identified the +1 troll leather armour of the Thinker
                  | {Regen+ Int+6}
 79469 | Zig:25   | Identified the ring "Kuahod" {rPois rCorr Int+2}
 79489 | Zig:25   | Identified the amulet of Wupnybb {Spirit rPois rN++ rCorr}
 79492 | Zig:25   | Identified the +1 robe of Cloud Cover {rPois Will+ MP-9
                  | Dex+3}
 79502 | Zig:25   | Identified the +5 ring mail "Ucreveij" {Will++ Int+2 Dex-4}
 79508 | Zig:26   | Entered Level 26 of a ziggurat
 79698 | Zig:26   | Identified the +4 chain mail of Springtime {Dex+2 Stlth+}
 79699 | Zig:26   | Identified the ring of Luck {Contam rElec rCorr MP+9 SInv}
 79728 | Zig:27   | Entered Level 27 of a ziggurat
 79743 | Zig:27   | Noticed Fyudepru the pandemonium lord
 79743 | Zig:27   | Noticed Gulunil the pandemonium lord
 79746 | Zig:27   | Noticed Rurruil the pandemonium lord
 79748 | Zig:27   | Noticed Ushisseb the pandemonium lord
 79750 | Zig:27   | Killed Fyudepru the pandemonium lord
 79750 | Zig:27   | Noticed Xavitz the pandemonium lord
 79750 | Zig:27   | Noticed Raostr Duak the pandemonium lord
 79750 | Zig:27   | Noticed Valuam the pandemonium lord
 79755 | Zig:27   | Killed Gulunil the pandemonium lord
 79755 | Zig:27   | Killed Rurruil the pandemonium lord
 79758 | Zig:27   | Killed Valuam the pandemonium lord
 79758 | Zig:27   | Killed Ushisseb the pandemonium lord
 79761 | Zig:27   | Killed Xavitz the pandemonium lord
 79761 | Zig:27   | Noticed Omoafinn the pandemonium lord
 79762 | Zig:27   | Noticed Otov the pandemonium lord
 79763 | Zig:27   | Killed Raostr Duak the pandemonium lord
 79764 | Zig:27   | Noticed Palisibo the pandemonium lord
 79764 | Zig:27   | Noticed Calyg the pandemonium lord
 79764 | Zig:27   | Noticed Ukhuvuupn the pandemonium lord
 79767 | Zig:27   | Noticed Oju Xomp the pandemonium lord
 79768 | Zig:27   | Noticed Rohiuhed the pandemonium lord
 79770 | Zig:27   | Killed Palisibo the pandemonium lord
 79771 | Zig:27   | Killed Omoafinn the pandemonium lord
 79771 | Zig:27   | Killed Oju Xomp the pandemonium lord
 79772 | Zig:27   | Reached skill level 27 in Conjurations
 79772 | Zig:27   | Killed Calyg the pandemonium lord
 79780 | Zig:27   | Killed Otov the pandemonium lord
 79782 | Zig:27   | Killed Ukhuvuupn the pandemonium lord
 79782 | Zig:27   | Noticed Yqad the pandemonium lord
 79783 | Zig:27   | Killed Rohiuhed the pandemonium lord
 79787 | Zig:27   | Killed Yqad the pandemonium lord
 79807 | Zig:27   | Noticed Kuazei the pandemonium lord
 79808 | Zig:27   | Noticed Tanaocw Pere the pandemonium lord
 79813 | Zig:27   | Killed Kuazei the pandemonium lord
 79818 | Zig:27   | Killed Tanaocw Pere the pandemonium lord
 79824 | Zig:27   | Noticed Ecadeif the pandemonium lord
 79826 | Zig:27   | Noticed Idajodo the pandemonium lord
 79831 | Zig:27   | Killed Ecadeif the pandemonium lord
 79832 | Zig:27   | Reached skill level 27 in Necromancy
 79834 | Zig:27   | Noticed Qeingi the pandemonium lord
 79836 | Zig:27   | Killed Idajodo the pandemonium lord
 79837 | Zig:27   | Killed Qeingi the pandemonium lord
 79907 | Zig:27   | Noticed Analuot the pandemonium lord
 79914 | Zig:27   | Killed Analuot the pandemonium lord
 79924 | Zig:27   | Noticed Larghul the pandemonium lord
 79925 | Zig:27   | Noticed Yfulam the pandemonium lord
 79929 | Zig:27   | Killed Yfulam the pandemonium lord
 79935 | Zig:27   | Noticed Miraex the pandemonium lord
 79938 | Zig:27   | Noticed Epoez the pandemonium lord
 79938 | Zig:27   | Noticed Ruiddij the pandemonium lord
 79938 | Zig:27   | Noticed Litashet the pandemonium lord
 79941 | Zig:27   | Killed Ruiddij the pandemonium lord
 79941 | Zig:27   | Killed Epoez the pandemonium lord
 79942 | Zig:27   | Noticed Qumeno the pandemonium lord
 79945 | Zig:27   | Killed Litashet the pandemonium lord
 79951 | Zig:27   | Noticed Rarghoquy the pandemonium lord
 79987 | Zig:27   | Identified the +0 helmet "Ewaxys" {rPois rC+}
 80000 | Zig:27   | Killed Qumeno the pandemonium lord
 80063 | Zig:27   | Killed Miraex the pandemonium lord
 80175 | Zig:27   | Killed Larghul the pandemonium lord
 80390 | Zig:27   | Killed Rarghoquy the pandemonium lord
 80652 | Zig:1    | Entered Level 1 of a ziggurat
 80666 | Zig:2    | Entered Level 2 of a ziggurat
 80684 | Zig:3    | Entered Level 3 of a ziggurat
 80698 | Zig:3    | Identified the +5 dagger of War {freeze, rCorr}
 80702 | Zig:4    | Entered Level 4 of a ziggurat
 80729 | Zig:4    | Identified the +7 sling "Igaumiw" {flame, Fly rN+ Int+3}
 80734 | Zig:5    | Entered Level 5 of a ziggurat
 80739 | Zig:5    | Noticed Miwyty the pandemonium lord
 80740 | Zig:5    | Killed Miwyty the pandemonium lord
 80753 | Zig:5    | Identified the +3 executioner's axe of Xoadido {pain, Drain
                  | rF+++ rCorr Int-4}
 80799 | Zig:6    | Entered Level 6 of a ziggurat
 80844 | Zig:6    | Identified the ring of the Princeling {rPois rF+ rC- rCorr}
 80846 | Zig:6    | Identified the +7 battleaxe of Toothy Subterfuge {flame,
                  | Str+4 Int+2 Dex+2 Stlth+}
 80853 | Zig:7    | Entered Level 7 of a ziggurat
 80863 | Zig:7    | Reached skill level 27 in Fighting
 80874 | Zig:7    | Identified the +6 scimitar "Lousmuse" {vorpal, Fragile
                  | rPois Int+2}
 80886 | Zig:8    | Entered Level 8 of a ziggurat
 80920 | Zig:8    | Identified the +2 whip of the Head {vamp, MP-9 Dex+3 SInv}
 80925 | Zig:8    | Identified the amulet "Mirozxy" {Acrobat +Inv}
 80938 | Zig:9    | Entered Level 9 of a ziggurat
 80971 | Zig:9    | Identified the ring of Okawaru's Esteem {rCorr SInv}
 80986 | Zig:9    | Identified the ring "Iclure" {rElec rPois rC+ rN+}
 80998 | Zig:10   | Entered Level 10 of a ziggurat
 81007 | Zig:10   | Noticed Qesyan the pandemonium lord
 81008 | Zig:10   | Noticed Usiu the pandemonium lord
 81011 | Zig:10   | Noticed Mopnegg the pandemonium lord
 81013 | Zig:10   | Noticed Xoimab the pandemonium lord
 81014 | Zig:10   | Killed Usiu the pandemonium lord
 81014 | Zig:10   | Killed Mopnegg the pandemonium lord
 81016 | Zig:10   | Killed Qesyan the pandemonium lord
 81018 | Zig:10   | Killed Xoimab the pandemonium lord
 81042 | Zig:10   | Identified the ring of Siufyuw {rC+ rN+ Will+}
 81052 | Zig:10   | Identified the +4 falchion of Cowardice {vamp, *Corrode
                  | rF++ Will+++ Int-5}
 81071 | Zig:10   | Identified the +2 leather armour "Rimiv" {rC+ Str+10 Dex-5}
 81083 | Zig:11   | Entered Level 11 of a ziggurat
 81097 | Zig:11   | Found the +10 morningstar "Eos" {elec, Halo rElec}
 81139 | Zig:11   | Identified the +8 shortbow "Miaret" {venom, rElec Will+++
                  | Str-5}
 81155 | Zig:12   | Entered Level 12 of a ziggurat
 81161 | Zig:12   | Noticed a royal mummy
 81162 | Zig:12   | Noticed a royal mummy
 81164 | Zig:12   | Noticed a royal mummy
 81164 | Zig:12   | Noticed a royal mummy
 81166 | Zig:12   | Killed a royal mummy
 81166 | Zig:12   | Killed a royal mummy
 81166 | Zig:12   | Killed a royal mummy
 81167 | Zig:12   | Noticed a royal mummy
 81169 | Zig:12   | Killed a royal mummy
 81170 | Zig:12   | Found the +10 zealot's sword {holy, *Rage rN+ EV+3}
 81172 | Zig:12   | Killed a royal mummy
 81189 | Zig:12   | Identified the +4 shortbow "Huukoppo" {speed, rC+ Stlth+}
 81191 | Zig:12   | Identified the +2 rapier of Qynoe {vorpal, Fly rF+ Str-4}
 81192 | Zig:12   | Identified the ring "Jatiu" {rCorr Int+3}
 81200 | Zig:12   | Identified the ring of Nuklib {rN+ Will+ Str+6}
 81310 | Zig:13   | Entered Level 13 of a ziggurat
 81315 | Zig:13   | Noticed Ackottag the pandemonium lord
 81315 | Zig:13   | Noticed Samut the pandemonium lord
 81318 | Zig:13   | Noticed Qaoneq the pandemonium lord
 81320 | Zig:13   | Noticed Nuturch the pandemonium lord
 81321 | Zig:13   | Noticed Pametwopn the pandemonium lord
 81321 | Zig:13   | Noticed Viyr the pandemonium lord
 81322 | Zig:13   | Noticed Hesu the pandemonium lord
 81323 | Zig:13   | Killed Ackottag the pandemonium lord
 81323 | Zig:13   | Killed Samut the pandemonium lord
 81325 | Zig:13   | Killed Nuturch the pandemonium lord
 81325 | Zig:13   | Killed Pametwopn the pandemonium lord
 81326 | Zig:13   | Killed Viyr the pandemonium lord
 81327 | Zig:13   | Killed Hesu the pandemonium lord
 81328 | Zig:13   | Killed Qaoneq the pandemonium lord
 81360 | Zig:13   | Identified the +9 lajatang "Bonokh" {venom, *Noise Dex+4
                  | SInv Stlth+}
 81372 | Zig:13   | Identified the +5 mace "Giantbane" {vorpal, Str+7 Stlth+}
 81382 | Zig:14   | Entered Level 14 of a ziggurat
 81395 | Zig:14   | Noticed an ancient lich
 81395 | Zig:14   | Noticed an ancient lich
 81395 | Zig:14   | Noticed an ancient lich
 81396 | Zig:14   | Noticed a dread lich
 81396 | Zig:14   | Noticed a dread lich
 81396 | Zig:14   | Noticed a dread lich
 81397 | Zig:14   | Noticed a dread lich
 81397 | Zig:14   | Found the +3 pair of mountain boots {steadfast, rC+}
 81398 | Zig:14   | Noticed a dread lich
 81398 | Zig:14   | Killed an ancient lich
 81398 | Zig:14   | Killed a dread lich
 81399 | Zig:14   | Killed an ancient lich
 81399 | Zig:14   | Killed an ancient lich
 81399 | Zig:14   | Killed a dread lich
 81399 | Zig:14   | Killed a dread lich
 81399 | Zig:14   | Killed a dread lich
 81399 | Zig:14   | Killed a dread lich
 81457 | Zig:14   | Identified the +4 long sword of Ru's Whim {drain, Int+2
                  | Dex+5}
 81467 | Zig:14   | Acquired 431 gold pieces
 81468 | Zig:14   | Acquired 515 gold pieces
 81474 | Zig:15   | Entered Level 15 of a ziggurat
 81488 | Zig:15   | Noticed a juggernaut
 81490 | Zig:15   | Noticed a juggernaut
 81492 | Zig:15   | Killed a juggernaut
 81492 | Zig:15   | Killed a juggernaut
 81493 | Zig:15   | Found the +8 longbow "Zephyr" {speed, Dex+3 SInv}
 81494 | Zig:15   | Found the +7 captain's cutlass {speed, disarm}
 81578 | Zig:15   | Identified the +1 cloak "Xemamixe" {rF+++ Will+ Dex-3
                  | Slay+5}
 81593 | Zig:15   | Identified the ring "Sofyqerebu" {rC+ rN++ Int+8 Dex-5}
 81613 | Zig:16   | Entered Level 16 of a ziggurat
 81620 | Zig:16   | Noticed a juggernaut
 81624 | Zig:16   | Noticed a juggernaut
 81625 | Zig:16   | Killed a juggernaut
 81625 | Zig:16   | Noticed a juggernaut
 81628 | Zig:16   | Killed a juggernaut
 81628 | Zig:16   | Killed a juggernaut
 81636 | Zig:16   | Found the +8 trishula "Condemnation" {holy, anguish, *Noise
                  | Fly rN+}
 81636 | Zig:16   | Found the amulet of Vitality {RegenMP++ Regen++}
 81735 | Zig:16   | Identified the +6 scale mail "Riadd" {Regen+ MP+9 Str+3}
 81740 | Zig:16   | Identified the +0 chain mail of Deces Ming {Fly rCorr
                  | Int-5}
 81745 | Zig:16   | Identified the ring "Nahacedd" {rPois rCorr SInv}
 81760 | Zig:16   | Identified the +2 cloak "Behi" {rPois rN++ Regen+}
 81764 | Zig:16   | Identified the +3 plate armour of Dowdy Salvation {Rampage
                  | rElec rF+}
 81772 | Zig:17   | Entered Level 17 of a ziggurat
 81838 | Zig:17   | Identified the +7 double sword "Agang" {vorpal, rElec SInv}
 81842 | Zig:17   | Identified the +1 morningstar of Incongruity {freeze,
                  | Int+3}
 81843 | Zig:17   | Identified the +9 halberd "Lor Vyamp" {pain, *Rage rCorr
                  | Str+2}
 81846 | Zig:17   | Identified the +8 sling of Zin's Generosity {flame, Int+7}
 81858 | Zig:18   | Entered Level 18 of a ziggurat
 81887 | Zig:18   | Found the +8 frozen axe "Frostbite" {freezing cloud, *Noise
                  | Fly rC+}
 81903 | Zig:18   | Identified the +1 glaive of the Spectre {flame, rPois Will+
                  | Str+3 Stlth+}
 81908 | Zig:18   | Identified the ring of Cheibriados's Whim {*Slow MP+9 AC+4
                  | Str-3 SInv}
 81911 | Zig:18   | Identified the +9 war axe "Anuneumu" {vamp, rElec Will++
                  | SInv}
 81920 | Zig:18   | Identified the +4 plate armour "Qumalea" {-Tele Contam Fly
                  | rElec}
 81928 | Zig:19   | Entered Level 19 of a ziggurat
 81954 | Zig:19   | Noticed Doekk the pandemonium lord
 81961 | Zig:19   | Killed Doekk the pandemonium lord
 82163 | Zig:19   | Identified the +2 glaive of Poverty {flame, rCorr}
 82171 | Zig:20   | Entered Level 20 of a ziggurat
 82207 | Zig:20   | Found the +8 mithril axe "Arga" {speed, Will+}
 82213 | Zig:20   | Found the +6 lightning scales {swift, rElec}
 82228 | Zig:20   | Identified the +0 triple sword "Ziufafuy" {freeze, Str-3
                  | Int+4}
 82230 | Zig:20   | Identified the amulet of Othaegh {Faith MP+9}
 82261 | Zig:21   | Entered Level 21 of a ziggurat
 82418 | Zig:21   | Identified the +1 cloak of Yder {rC+ Str+4 Int+2 Dex-2}
 82420 | Zig:21   | Identified the ring "Efoawk" {rF- rC+ Str+5}
 82443 | Zig:21   | Identified the ring "Bijyaf" {Fire rElec Dex+4 Stlth+}
 82446 | Zig:21   | Identified the +8 scimitar "Pizif" {freeze, rF+ rC+ Str-4
                  | Dex+9}
 82467 | Zig:22   | Entered Level 22 of a ziggurat
 82489 | Zig:22   | Reached skill level 27 in Dodging
 82489 | Zig:22   | Reached skill level 27 in Evocations
 82651 | Zig:22   | Identified the +2 flail "Faizybb" {pain, rPois rF+ rCorr
                  | Str-3}
 82655 | Zig:22   | Identified the +1 leather armour "Becroedu" {+Inv rCorr}
 82657 | Zig:22   | Identified the +1 plate armour of Zexapuf {rC+}
 82666 | Zig:22   | Identified the +2 robe of Crawling {rC- rN+ SInv}
 82700 | Zig:23   | Entered Level 23 of a ziggurat
 82720 | Zig:23   | Noticed a dread lich
 82720 | Zig:23   | Noticed an ancient lich
 82720 | Zig:23   | Noticed a dread lich
 82721 | Zig:23   | Killed a dread lich
 82725 | Zig:23   | Reached skill level 15 in Staves
 82725 | Zig:23   | Killed a dread lich
 82725 | Zig:23   | Killed an ancient lich
 82726 | Zig:23   | Reached skill level 10 in Shields
 82728 | Zig:23   | Reached skill level 10 in Armour
 82797 | Zig:23   | Identified the +8 mace "Royl" {freeze, Str-5 Dex+8}
 82803 | Zig:23   | Identified the +1 morningstar "Zopno" {elec, rPois}
 82806 | Zig:23   | Acquired 994 gold pieces
 82814 | Zig:23   | Identified the ring "Unluseg" {Drain Fly rN++ Str+6 Int-3}
 82820 | Zig:23   | Identified the +7 chain mail "Zyczaocs" {rElec rF++ MP+9
                  | Stlth-}
 82823 | Zig:23   | Identified the ring "Xiricov" {rElec rC+ rCorr MP+9 Dex+4}
 82827 | Zig:23   | Identified the +8 long sword "Redoju" {pain, rElec}
 82851 | Zig:24   | Entered Level 24 of a ziggurat
 82885 | Zig:24   | Reached skill level 5 in Stealth
 82892 | Zig:24   | Found the +3 pair of gauntlets of War {Slay+5}
 82894 | Zig:24   | Found the +12 glaive of Prune {vorpal}
 82895 | Zig:24   | Found the dreamshard necklace {*Dream Drain}
 82970 | Zig:24   | Identified the ring "Gierph" {Fire Contam rN+ Slay+4}
 82984 | Zig:24   | Identified the ring "Soilel" {rC+ Will+}
 82988 | Zig:24   | Identified the ring "Jeippieps" {rF+++ rN+++ EV+4 Dex-2
                  | Stlth-}
 82991 | Zig:24   | Identified the +9 triple crossbow of Alum {elec, Contam
                  | +Blink rF+ rN+}
 83022 | Zig:25   | Entered Level 25 of a ziggurat
 83041 | Zig:25   | Gained mutation: You occasionally shout uncontrollably at
                  | your foes. [a neqoxec]
 83044 | Zig:25   | Noticed Exabbena the pandemonium lord
 83046 | Zig:25   | Reached skill level 10 in Stealth
 83048 | Zig:25   | Killed Exabbena the pandemonium lord
 83055 | Zig:25   | Found the +2 hat of the Bear Spirit {Spirit, *Rage Will++}
 83135 | Zig:25   | Identified the +9 dagger of Tender Mercy {holy, rC+}
 83166 | Zig:25   | Identified the +8 short sword "Demonbane" {spect, rC++
                  | MP+9}
 83198 | Zig:26   | Entered Level 26 of a ziggurat
 83243 | Zig:26   | Found the +8 autumn katana {vorpal, manifold assault}
 83263 | Zig:26   | Identified the ring of Owuer {MP+9 Int+4}
 83266 | Zig:26   | Identified the amulet of Dogma {Reflect Int+3 SH+5}
 83273 | Zig:26   | Reached skill level 15 in Shields
 83293 | Zig:26   | Identified the +0 robe of Inquiry {Slay+6}
 83294 | Zig:26   | Identified the +2 long sword "Rurrow" {vorpal, rCorr}
 83301 | Zig:26   | Reached skill level 15 in Stealth
 83389 | Zig:27   | Entered Level 27 of a ziggurat
 83518 | Zig:27   | Identified the +7 rapier "Dothrogou" {drain, rC+ Dex+5}
 83523 | Zig:27   | Identified the +12 crystal plate armour of Restlessness
                  | {rElec rC- rN+ Will+}
 83526 | Zig:27   | Identified the +0 battleaxe "Imp's Regret" {drain, rCorr
                  | MP-9 Str+3 Dex+2}
 83528 | Zig:27   | Identified the ring "Xaherphi" {rPois rF+ rN+ MP+9 Str+2}
 83531 | Zig:27   | Identified the +1 leather armour of Ikluakk {-Tele rC+
                  | Will+}
 83562 | Zig:27   | Identified the +5 dire flail of the Dragonfly {vorpal, rN+
                  | rCorr}
 83590 | Hell     | Lost mutation: Your flesh is cold resistant. (rC+) [potion
                  | of mutation]
 83590 | Hell     | Lost mutation: You occasionally shout uncontrollably at
                  | your foes. [potion of mutation]
 83590 | Hell     | Lost mutation: You occasionally lose the ability to drink
                  | potions when taking damage. [potion of mutation]
 83590 | Hell     | Gained mutation: You are agile. (Dex +4, Str/Int -1)
                  | [potion of mutation]
 83591 | Hell     | Lost mutation: You are agile. (Dex +4, Str/Int -1) [potion
                  | of mutation]
 83591 | Hell     | Lost mutation: You possess an exceptional clarity of mind.
                  | [potion of mutation]
 83591 | Hell     | Gained mutation: You have a pair of small horns on your
                  | head. [potion of mutation]
 83591 | Hell     | Gained mutation: You have large cloven feet. [potion of
                  | mutation]
 83592 | Hell     | Lost mutation: Your flesh is very heat resistant. (rF++)
                  | [potion of mutation]
 83592 | Hell     | Lost mutation: You have large cloven feet. [potion of
                  | mutation]
 83592 | Hell     | Lost mutation: You have a pair of small horns on your head.
                  | [potion of mutation]
 83592 | Hell     | Gained mutation: You have very sharp teeth. [potion of
                  | mutation]
 83592 | Hell     | Gained mutation: You have sharp toenails. [potion of
                  | mutation]
 83593 | Hell     | Lost mutation: Your flesh is heat resistant. (rF+) [potion
                  | of mutation]
 83593 | Hell     | Lost mutation: You are frail. (-10% HP) [potion of
                  | mutation]
 83593 | Hell     | Lost mutation: You have sharp toenails. [potion of
                  | mutation]
 83593 | Hell     | Gained mutation: You have extremely sharp teeth. [potion of
                  | mutation]
 83594 | Hell     | Lost mutation: You have extremely sharp teeth. [potion of
                  | mutation]
 83594 | Hell     | Lost mutation: You have very sharp teeth. [potion of
                  | mutation]
 83594 | Hell     | Gained mutation: Your spells are a little harder to cast,
                  | but a little more powerful. [potion of mutation]
 83594 | Hell     | Gained mutation: You possess an exceptional clarity of
                  | mind. [potion of mutation]
 83594 | Hell     | Gained mutation: You are partially covered in large bone
                  | plates. (SH +4) [potion of mutation]
 83622 | Geh:1    | Entered Level 1 of Gehenna
 83655 | Geh:1    | Noticed an ancient lich
 83657 | Geh:1    | Killed an ancient lich
 84225 | Geh:7    | Entered Level 7 of Gehenna
 85039 | Geh:7    | Found the +9 staff of Wucad Mu {*channel}
 85042 | Geh:7    | Identified the +0 helmet "Sotirha Onip" {Will+ Dex+3}
 85069 | Geh:7    | Identified the ring of Generosity {Wiz Str+4 Dex+2 Stlth+}
 85078 | Geh:7    | Identified the +2 broad axe "Aneliarhoor" {vorpal, Int+4}
 85084 | Geh:7    | Found the +7 sceptre of Asmodeus
 85084 | Geh:7    | Noticed Asmodeus
 85102 | Geh:7    | Killed Asmodeus
 85130 | Geh:7    | Identified the +1 leather armour "Uqenten" {rN+ Dex+7}
 85149 | Geh:7    | Got an obsidian rune of Zot
 85434 | Dis:1    | Entered Level 1 of the Iron City of Dis
 85463 | Dis:2    | Reached skill level 27 in Stealth
 85791 | Dis:7    | Entered Level 7 of the Iron City of Dis
 85915 | Dis:7    | Noticed a juggernaut
 85921 | Dis:7    | Killed a juggernaut
 85930 | Dis:7    | Identified the +4 shortbow of Symmetry {vorpal, rPois rF+
                  | MP+9}
 86023 | Dis:7    | Noticed a juggernaut
 86024 | Dis:7    | Found the +4 staff of Dispater
 86024 | Dis:7    | Noticed Dispater
 86025 | Dis:7    | Killed a juggernaut
 86029 | Dis:7    | Killed Dispater
 86099 | Dis:7    | Identified the +1 quick blade "Xypten" {vamp, *Slow rC++
                  | Str+4}
 86101 | Dis:7    | Identified the ring "Fokim" {Will+ rCorr AC+4}
 86107 | Dis:7    | Got an iron rune of Zot
 86290 | Coc:1    | Entered Level 1 of Cocytus
 86330 | Coc:2    | Reached skill level 27 in Staves
 86501 | Coc:7    | Entered Level 7 of Cocytus
 86513 | Coc:7    | Noticed the Serpent of Hell
 86520 | Coc:7    | Killed the Serpent of Hell
 86584 | Coc:7    | Identified the +7 mace of Anguish {freeze, Will+}
 86625 | Coc:7    | Noticed Antaeus
 86637 | Coc:7    | Killed Antaeus
 86648 | Coc:7    | Reached skill level 15 in Armour
 86769 | Coc:7    | Got an icy rune of Zot
 86780 | Coc:7    | Identified the ring of Jutum {Fly Str+3 Dex+6}
 86874 | Tar:1    | Entered Level 1 of Tartarus
 87315 | Tar:5    | You are sucked into a shaft and drop 1 floor!
 87320 | Tar:7    | Entered Level 7 of Tartarus
 87473 | Tar:7    | Noticed a dread lich
 87474 | Tar:7    | Noticed a dread lich
 87475 | Tar:7    | Killed a dread lich
 87476 | Tar:7    | Killed a dread lich
 87493 | Tar:7    | Noticed a dread lich
 87498 | Tar:7    | Killed a dread lich
 87510 | Tar:7    | Noticed a dread lich
 87510 | Tar:7    | Paralysed by a dread lich for 4 turns
 87515 | Tar:7    | Killed a dread lich
 87553 | Tar:7    | Noticed Ereshkigal
 87560 | Tar:7    | Killed Ereshkigal
 87613 | Tar:7    | Got a bone rune of Zot
 87670 | Tar:7    | Identified the ring of Honesty {Fly rCorr Int+5 Dex+6
                  | Stlth-}
 87780 | Tar:7    | Identified the ring "Xeukkot" {Fire rPois rN+ Will+ Slay-5}
 87918 | Tar:7    | Found the ring of the Hare {EV+8}
 87924 | Tar:7    | Identified the +7 bardiche of Inquiry {vorpal, Fly rElec
                  | Int+2}
 88075 | Pan      | Entered the realm of Gloorx Vloq.
 88075 | Pan      | Entered Pandemonium
 88304 | Pan      | Noticed Gloorx Vloq
 88308 | Pan      | Killed Gloorx Vloq
 88317 | Pan      | Got a dark rune of Zot
 88376 | Pan      | Found an exit through the horrors of the Abyss.
 88395 | Pan      | Noticed Peirph the pandemonium lord
 88400 | Pan      | Killed Peirph the pandemonium lord
 88409 | Pan      | Identified the +9 sling "Uluruemu" {flame, rCorr Dex+3}
 88412 | Pan      | Got a demonic rune of Zot
 88417 | Pan      | Identified the +6 short sword "Embalmer" {spect, Contam
                  | rPois Dex+10}
 88519 | Pan      | Noticed Loba the pandemonium lord
 88530 | Pan      | Killed Loba the pandemonium lord
 88790 | Pan      | Found an exit through the horrors of the Abyss.
 88815 | Pan      | Identified the +2 long sword of Solemn Valour {spect, rN+}
 88854 | Pan      | Noticed Bexiyl the pandemonium lord
 88859 | Pan      | Killed Bexiyl the pandemonium lord
 89027 | Pan      | Found an exit through the horrors of the Abyss.
 89062 | Pan      | Entered the realm of Lom Lobon.
 89117 | Pan      | Noticed Lom Lobon
 89128 | Pan      | Killed Lom Lobon
 89143 | Pan      | Got a magical rune of Zot
 89232 | Pan      | Noticed Moryif the pandemonium lord
 89236 | Pan      | Killed Moryif the pandemonium lord
 89320 | Pan      | Entered the realm of Cerebov.
 89382 | Pan      | Found the +6 sword of Cerebov {flame}
 89382 | Pan      | Noticed Cerebov
 89391 | Pan      | Killed Cerebov
 89406 | Pan      | Got a fiery rune of Zot
 89454 | Pan      | Entered the realm of Mnoleg.
 89454 | Pan      | Noticed Mnoleg
 89459 | Pan      | Killed Mnoleg
 89461 | Pan      | Got a glowing rune of Zot
 89462 | Pan      | Gained mutation: You occasionally lose the ability to drink
                  | potions when taking damage. [a cacodemon]
 89552 | Pan      | Noticed Vexim Ifi the pandemonium lord
 89562 | Pan      | Killed Vexim Ifi the pandemonium lord
 89575 | Pan      | Found an exit through the horrors of the Abyss.
 89584 | Pan      | Took an exit into the Abyss.
 89584 | Abyss:1  | Escaped into the Abyss
 89900 | Abyss:3  | Got an abyssal rune of Zot
 89913 | Depths:2 | Escaped the Abyss
 90114 | Zot:5    | Got the Orb of Zot
 90222 | Zot:1    | Noticed Raexay the pandemonium lord
 90224 | Zot:1    | Killed Raexay the pandemonium lord
 90617 | D:$      | Escaped with the Orb!

Illustrated notes

Levels and vault maps discovered:
D:1:      psy_arrival_spokes, layout_rooms,
          shapermc_ecumenical_altar_totnotflames, minmay_misc_feat_enclosed,
          grunt_decor_one_mirror
D:2:      layout_basic, nicolae_kite_square_tiling_tiny, uniq_robin
D:3:      layout_basic, palyth_stone_intersect
D:4:      minmay_evil_eye, layout_cave_pods, nicolae_sif_muna_little_library,
          marbit_many_paths, amethyst_overflow_temple_binary,
          nicolae_ossuary_entry_ruins, minmay_rat_hole
D:5:      kennysheep_big_flooded_room, layout_basic, fiery_altar_vehumet,
          serial_demonic, serial_demonic_f, serial_demonic_f, serial_demonic_f,
          serial_demonic_b, nicolae_concentric_dashed_squares_mild,
          nrook_pool_corridor
D:6:      layout_loops_corners, gammafunk_temple_overflow_statue, temple_hall,
          chequers_serial_rivers_large_a, amcnicky_mini_pool_medium
D:7:      layout_gridville, grunt_temple_overflow_open,
          chequers_serial_rivers_room_b
D:8:      layout_loops_ring, general_overflow_altar,
          nicolae_looking_at_the_future
D:9:      layout_long_grid, nicolae_diode_basic, uniq_joseph
D:10:     layout_basic, david_orc_5, nzn_life_drinkers
D:11:     layout_long_grid, erik_lair_orcish_takeover,
          minmay_beelzebubs_servants, uniq_nergalle
D:12:     layout_loops_ring, uniq_psyche, uniq_azrael, uniq_snorg
D:13:     layout_stronghold, david_vaults_1
D:14:     layout_stronghold
D:15:     hangedman_depths_entry_try_elsewhere_first, layout_loops_ring,
          portal_ice_cave_entry_pillars_three, dk_noncrumbling_2, st_stairs_5,
          minmay_misc_feat_ornament
Lair:1:   layout_roguey, basic_altar, grunt_megastairs_3
Lair:2:   layout_chaotic_city, minmay_snake_entry_guardpost_small,
          gauntlet_entry_generic, minivault_27, bobbens_dragon_lair_wall,
          serial_bayou_shore_a, lemuel_fruit_fields, uniq_gastronok, uniq_urug
Lair:3:   minmay_lair_venomous_thicket, layout_long_grid,
          minmay_shoals_entry_lonely_mermaid, cheibrodos_lair_reptile_den
Lair:4:   layout_big_grid, st_stairs_10, grunt_megastairs_4,
          infiniplex_staircase_pool_2, lemuel_fruit_fields, uniq_sonja
Lair:5:   cheibrodos_lair_end_hotspot, layout_cave_pods,
          minmay_slime_entry_oklob_open, enter_volcano_1,
          chequers_serial_rivers_micro_b
Shoals:1: layout_shoals
Shoals:2: layout_shoals, lemuel_centaur_altar, uniq_polyphemus
Shoals:3: cheibrodos_shoals_gigantism, layout_shoals, serial_shops, shop,
          nicolae_shop_stone, shop_fountains, nicolae_shop_statue_plus
Shoals:4: shoals_end_hellmonk_lost_city, uniq_bai_suzhen, uniq_louise
Snake:1:  layout_concentric_octagons, gammafunk_ghost_arena,
          nicolae_shop_sticking_my_neck_out
Snake:2:  layout_grid_shapes, basic_altar, nicolae_snake_storage_room
Snake:3:  layout_gridlike, serial_shops, shop, nicolae_shop_waterfront,
          minmay_shop_star
Snake:4:  snake_pit, layout_chambers, minmay_shop_grove, uniq_vashnia
Slime:1:  layout_caves, nicolae_slime_barrier
Slime:2:  layout_caves
Slime:3:  layout_caves
Slime:4:  layout_caves
Slime:5
Orc:1:    layout_caves, serial_shops, nicolae_shop_stone, mines5_lemuel
Orc:2:    pf_orc_diabolical, layout_caves
Elf:1:    minmay_elf_arrival_plus, layout_onion_city, serial_shops, shop,
          minmay_elf_annihilation
Elf:2:    elven_hall_of_blades_hangedman_original
          [nicolae_blade_entry_pointy_end], layout_onion_city, uniq_aizul
Elf:3:    grunt_elf_hall_diamonds, layout_onion_city, serial_shops,
          nicolae_shop_temple_entry_statues_fountains
Vaults:1: nicolae_vaults_theta, v_alt_pattern_3, nicolae_vaults_triangles,
          vaults_room_grunt_arrival_ludios, nicolae_vaults_angled_halls,
          v_misc_5, vaults_room_corners, hangedman_vaults_slice, v_misc_2,
          layout_vaults_omnigrid, serial_shops, nicolae_lakefront_shop
Vaults:2: v_alt_pattern_3, hangedman_vaults_nails, vaults_dpeg_ring,
          ontoclasm_vaults_fault, minmay_crypt_entry_simple_walls,
          nicolae_vaults_ring_of_whatevers, v_rooms_5, vaults_dpeg_encased_lava,
          nicolae_vaults_alarming, v_alt_pattern_1, grunt_vaults_trifunnel,
          nicolae_vaults_hallways_thing, nicolae_vaults_little_squares_6,
          vaults_dpeg_hooks, layout_vaults_omnicross, serial_shops,
          nicolae_shop_bloodbath_and_beyond, uniq_donald
Vaults:3: gammafunk_ghost_mausoleum, vaults_standard_mumra_lines, v_pattern_2,
          v_misc_31, v_misc_29, hangedman_vaults_stretched_pinwheel, v_misc_25,
          hangedman_vaults_nails, special_room_vaults [special_room_orc],
          nicolae_vaults_specimen_jars, layout_vaults_big_room, serial_shops,
          shop
Vaults:4: hangedman_vaults_stitches, ontoclasm_vaults_decontamination,
          v_misc_13, nicolae_vaults_network_square, vaults_room_glass_cross,
          hangedman_vaults_trim, v_rooms_2, hangedman_vaults_stagger,
          nicolae_vaults_ring_of_whatevers, grunt_vaults_hallway_short,
          ontoclasm_vaults_spin, layout_vaults_omnibox
Vaults:5: serial_shops
Crypt:1:  layout_gridlike, gammafunk_ghost_crypt, hex_intersection,
          lemuel_dead_fish_pool, lemuel_freeze_loot_1,
          grunt_crypt_arrival_webbed, grunt_megastairs_1
Crypt:2:  layout_gridlike, hex_intersection, nicolae_crypt_small_crypt,
          uniq_josephina, uniq_margery
Crypt:3:  lightli_unholy_cathedral, layout_chaotic_city,
          nicolae_tomb_entry_rubble_hallway
Tomb:1
Tomb:2
Tomb:3
Depths:1: kennysheep_snake, layout_gridlike, lightli_too_deep, nicolae_titane
Depths:2: kennysheep_gozag_temple, layout_honeycomb, enter_ziggurat_e,
          grunt_hell_entry_dis_grunt, pan_entry,
          infiniplex_staircase_hallway_doors
Depths:3: minmay_the_grid_octo_tiled_squarecenter_mashed
          [minmay_the_grid_octo_thin_diamonds, minmay_the_grid_octo_fat_diamond,
          minmay_the_grid_octo_empty, minmay_the_grid_octo_tetromino_candy,
          minmay_the_grid_square_5x5_megaprize_crossed,
          minmay_the_grid_square_5x5_detours, minmay_the_grid_square_5x5_three,
          minmay_the_grid_square_5x5_pentomino_r,
          minmay_the_grid_square_5x5_minivault], layout_basic, hell_entry,
          ploomutoo_gammafunk_ghost_potion_laboratory,
          nicolae_dithmenos_the_darkroom, abyss_entry,
          infiniplex_enter_wizlab_water
Depths:4: evilmike_zot_entry_diamond, layout_small_grid, pf_coc_iceberg,
          serial_sigils, serial_sigils_hangedman_gut,
          serial_sigils_hangedman_quiver, serial_sigils_hangedman_leer,
          serial_sigils_hangedman_confine, pan_entry,
          chequers_serial_rivers_room_a, hangedman_abyss_entry_splay
Hell
Dis:1:    layout_subdivisions
Dis:2:    layout_jigsaw
Dis:3:    layout_overlapping_boxes
Dis:4:    layout_jigsaw, nicolae_dis_emergency_hatch
Dis:5:    layout_jigsaw
Dis:6:    layout_gridville
Dis:7:    dis_hangedman
Geh:1:    layout_gehenna_pools_box
Geh:2:    layout_gehenna_pools_basic, minmay_fire_ice_demons
Geh:3:    layout_gehenna_pools_triple
Geh:4:    layout_gehenna_lava_caves
Geh:5:    layout_gehenna_pools_triple
Geh:6:    layout_gehenna_pools_box
Geh:7:    geh_mu
Coc:1:    layout_cocytus_water_paths
Coc:2:    layout_cocytus_water_paths
Coc:3:    layout_ice_bergs
Coc:4:    layout_ice_bergs
Coc:5:    layout_ice_bergs
Coc:6:    nicolae_coc_icebeans_plural [nicolae_sub_coc_subbean,
          nicolae_sub_coc_subbean, nicolae_sub_coc_subbean,
          nicolae_sub_coc_subbean], layout_cocytus_water_paths
Coc:7:    coc_old
Tar:1:    layout_catacombs, nicolae_tar_cuneiform_water
Tar:2:    layout_grid_maze
Tar:3:    layout_grid_maze
Tar:4:    layout_grid_maze, nicolae_tar_just_some_guys
Tar:5:    layout_grid_maze
Tar:6:    layout_catacombs
Tar:7:    tar_grunt_cathedral
Zot:1:    hangedman_snap_crack_crunch, layout_concentric_octagons
Zot:2:    layout_onion_interference, st_large_dragon_hoard_4
Zot:3:    gammafunk_mikee_crab_dinner, layout_misc_corridors
Zot:4:    layout_concentric_octagons, nicolae_diode_intersection, uniq_parghit
Zot:5:    layout_twisted_circle

Skill      XL: |  1  2  3  4  5  6  7  8  9 10 11 12 13 14 15 16 17 18 19 20 21 22 23 24 25 26 27 |
---------------+----------------------------------------------------------------------------------+-----
Earth Magic    | 4 5 6 7 8 9 10 11 12 13 14 15 16 18 19 20 21 23 24 27 | 27.0
Conjurations   | 1 2 3 4 5 6 7 8 9 11 12 13 14 15 16 18 20 21 22 27 | 27.0
Spellcasting   | 3 4 5 6 7 8 9 10 11 13 14 15 16 17 18 20 27 | 27.0
Armour         | 2 4 5 23 | 23.9
Fighting       | 2 3 5 6 8 9 10 11 12 27 | 27.0
Dodging        | 2 3 4 5 6 7 8 9 27 | 27.0
Evocations     | 2 3 4 5 6 7 8 9 10 27 | 27.0
Shields        | 3 5 26 | 26.0
Fire Magic     | 9 10 11 12 13 15 16 18 19 20 22 23 24 27 | 27.0
Necromancy     | 9 27 | 27.0
Ice Magic      | 27 | 27.0
Staves         | 27 | 27.0
Stealth        | 27 | 27.0
Transmutations | |  0.7

Action                   |  1- 3 |  4- 6 |  7- 9 | 10-12 | 13-15 | 16-18 | 19-21 | 22-24 | 25-27 || total
-------------------------+-------+-------+-------+-------+-------+-------+-------+-------+-------++-------
Melee: Sling             |       |     1 |       |       |       |       |       |       |       ||     1
       Short sword       |       |    12 |       |       |       |       |     6 |       |       ||    18
       Spear             |       |       |       |    52 |       |       |       |       |       ||    52
       Broad axe         |       |       |       |     3 |    23 |    72 |       |       |       ||    98
       Staff             |       |       |       |       |    15 |    64 |    76 |    58 |   134 ||   347
       Headbutt          |       |       |       |       |       |       |       |       |     1 ||     1
 Fire: Sling             |       |       |       |    67 |     4 |     2 |    19 |       |       ||    92
 Cast: Sandblast         |    58 |   102 |   154 |   183 |   113 |    81 |    19 |     2 |       ||   712
       Passwall          |       |     8 |     1 |       |     8 |    11 |     5 |     1 |     1 ||    35
       Stone Arrow       |       |     2 |    34 |    67 |    57 |    12 |     5 |     4 |       ||   181
       Fireball          |       |       |       |    41 |   108 |   309 |   193 |    29 |    84 ||   764
       Flame Wave        |       |       |       |       |    18 |    14 |       |       |       ||    32
       Iron Shot         |       |       |       |       |       |    72 |   133 |    25 |   212 ||   442
       Lee's Rapid Decon |       |       |       |       |       |    47 |   125 |    51 |   111 ||   334
       Ignition          |       |       |       |       |       |     4 |    59 |    73 |   150 ||   286
       Shatter           |       |       |       |       |       |       |     3 |    33 |   552 ||   588
       Lehudib's Crystal |       |       |       |       |       |       |     8 |   114 |   416 ||   538
       Fire Storm        |       |       |       |       |       |       |       |    29 |   556 ||   585
       Death's Door      |       |       |       |       |       |       |       |       |    22 ||    22
       Polar Vortex      |       |       |       |       |       |       |       |       |    19 ||    19
       Apportation       |       |       |       |       |       |       |       |       |     3 ||     3
       Blink             |       |       |       |       |       |       |       |       |     3 ||     3
       Ozocubu's Refrige |       |       |       |       |       |       |       |       |     2 ||     2
 Abil: Evoke the Staff o |       |       |       |       |       |       |       |       |     2 ||     2
Evoke: Wand              |       |     2 |       |       |       |       |       |       |       ||     2
       Phantom mirror    |       |       |       |       |       |       |       |       |     5 ||     5
       Box of beasts     |       |       |       |       |       |       |       |       |     2 ||     2
       Figurine of a zig |       |       |       |       |       |       |       |       |     2 ||     2
  Use: Scroll            |       |    11 |     1 |    12 |     7 |    13 |     5 |     4 |    46 ||    99
       Potion            |       |       |       |     2 |     1 |     2 |     1 |       |    89 ||    95
 Stab: Sleeping          |       |       |       |       |       |     1 |       |       |     1 ||     2
       Distracted        |       |       |       |       |       |       |       |       |     1 ||     1
Armor: Robe              |     4 |    29 |    50 |     1 |       |       |       |    74 |   474 ||   632
       Acid dragon scale |       |       |       |    53 |       |       |       |       |       ||    53
       Troll leather arm |       |       |       |    78 |    92 |   168 |    57 |       |       ||   395
Dodge: Dodged            |     4 |    34 |    49 |   116 |    94 |   152 |    82 |    68 |   753 ||  1352
Block: Other             |     5 |    14 |    17 |       |       |       |       |       |       ||    36
       Reflection        |       |       |     2 |    11 |     3 |    19 |    25 |       |    25 ||    85
       Buckler           |       |       |       |   114 |    90 |   164 |    89 |    45 |   491 ||   993
